 Dungeon Crawl Stone Soup version 0.30-a0-169-g06f667207d (webtiles) character file.

Game seed: 15331898569677824481

389555 qw the Slayer (level 23, -3/160 HPs)
             Began as a Gargoyle Fighter on Sept 29, 2022.
             Was a High Priest of Okawaru.
             Killed from afar by a fire dragon (16 damage)
             ... with a blast of flame
             ... on level 4 of the Depths.
             The game lasted 00:23:55 (49004 turns).

qw the Slayer (Gargoyle Fighter)                   Turns: 49004, Time: 00:23:56

Health: -3/160     AC: 80    Str: 32    XL:     23   Next: 7%
Magic:  30/30      EV: 14    Int: 14    God:    Okawaru [*****.]
Gold:   4714       SH: 32    Dex: 15    Spells: 22/22 levels left

rFire   + . .      SeeInvis +    w - +9 war axe "Sarcophage" {elec, rN+}
rCold   . . .      Faith    .    a - +8 tower shield of the Valley of Death {Contam rElec rN+}
rNeg    + + +      Spirit   .    M - +12 crystal plate armour {ponderous}
rPois   inf        Reflect  .    J - +2 hat
rElec   +          Harm     .    v - +2 cloak
rCorr   .          Rampage  .    q - +2 pair of gloves
Will    +....                    D - +2 pair of boots of Qiugaovo {rC- Str+3 Dex+6}
Stlth   ..........               B - amulet of Tirhas {RegenMP rF+ rC+ Int+3 SInv}
HPRegen 0.36/turn                e - +4 ring of protection
MPRegen 0.62/turn                K - +4 ring of protection

@: heroic, finesse-ful, flying, slowed, very slow
A: sickness immunity, AC +17, big wings, negative energy resistance 1,
electricity resistance, torment resistance 1, petrification resistance, beak,
horns 1, mutation resistance 1
}: 2/15 runes: barnacled, gossamer
a: Renounce Religion, Heroism, Finesse, Duel


You were on level 4 of the Depths.
You worshipped Okawaru.
Okawaru was extremely pleased with you.
You visited 8 branches of the dungeon, and saw 39 of its levels.
You visited 1 bazaar.

You collected 6387 gold pieces.
You spent 1673 gold pieces at shops.


Innate Abilities, Weirdness & Mutations

You are immune to sickness and miasma.
Your stone body is resilient. (AC +17)
You are immune to poison.
Your large and strong wings let you fly.
You resist negative energy. (rN+)
You are resistant to electric shocks. (rElec)
You are resistant to unholy torment.
You are immune to petrification.
You have a beak for a mouth.
You have a pair of small horns on your head.
You are somewhat resistant to further mutation.


   Skills:
 - Level 21.1(26.1) Fighting
 - Level 18.0(23.0) Axes
 - Level 12.0(17.0) Throwing
 + Level 18.2(23.2) Armour
 - Level 9.2(14.2) Dodging
 - Level 21.0(26.0) Shields
 - Level 10.0 Invocations


You had 22 spell levels left.
You didn't know any spells.
Your spell library was empty.

Inventory:

Hand Weapons
 w - the +9 war axe "Sarcophage" (weapon) {elec, rN+}
   (You bought it in a shop in a bazaar)

   It occasionally discharges a powerful burst of electricity upon striking a
   foe.
   rN:        It protects you from negative energy.
Missiles
 b - 13 javelins
 o - 56 boomerangs
 z - a silver boomerang
 F - 2 boomerangs of dispersal
 G - 10 silver javelins (quivered)
Armour
 a - the +8 tower shield of the Valley of Death (worn) {Contam rElec rN+}
   (Okawaru gifted it to you on level 2 of the Lair of Beasts)

   rElec:     It insulates you from electricity.
   rN:        It protects you from negative energy.
   Contam:    It causes magical contamination when unequipped.
 h - the +1 pair of boots of Qyituemn {rCorr}
   (Okawaru gifted it to you on level 4 of the Shoals)

   rCorr:     It protects you from acid and corrosion.
 k - the +1 pair of gloves of Mysticism {rPois rF++ rC- Dex+2}
   (You found it on level 1 of the Lair of Beasts)

   Dex:       It affects your dexterity (+2).
   rF:        It greatly protects you from fire.
   rC:        It makes you vulnerable to cold.
   rPois:     It protects you from poison.
 m - the +9 chain mail of Depression {rF+ Will+}
   (You found it on level 3 of the Dungeon)

   rF:        It protects you from fire.
   Will:      It increases your willpower.
 q - a +2 pair of gloves (worn)
 r - the +0 scale mail of Noryowk {rCorr Int+2}
   (You took it off an orc on level 5 of the Dungeon)

   Int:       It affects your intelligence (+2).
   rCorr:     It protects you from acid and corrosion.
 v - a +2 cloak (worn)
 D - the +2 pair of boots of Qiugaovo (worn) {rC- Str+3 Dex+6}
   (Okawaru gifted it to you on level 13 of the Dungeon)

   Str:       It affects your strength (+3).
   Dex:       It affects your dexterity (+6).
   rC:        It makes you vulnerable to cold.
 J - a +2 hat (worn)
 M - a +12 crystal plate armour of ponderousness (worn)
Jewellery
 e - a +4 ring of protection (left hand)
 g - a ring of fire
 j - an amulet of reflection
 B - the amulet of Tirhas (around neck) {RegenMP rF+ rC+ Int+3 SInv}
   (You acquired it on level 10 of the Dungeon)

   [amulet of magic regeneration]

   It increases your rate of magic regeneration.
   Int:       It affects your intelligence (+3).
   rF:        It protects you from fire.
   rC:        It protects you from cold.
   SInv:      It lets you see invisible.
 H - a ring of resist corrosion
 K - a +4 ring of protection (right hand)
 L - a ring of protection from fire
Scrolls
 n - 8 scrolls of identify
 I - 2 scrolls of brand weapon
Potions
 c - 9 potions of magic
 d - 5 potions of might
 i - 6 potions of lignification
 l - a potion of resistance
 p - 16 potions of curing
 t - 6 potions of mutation
 u - 8 potions of haste
 C - a potion of cancellation
 E - 4 potions of attraction

Dungeon Overview and Level Annotations

Branches:
Dungeon (15/15)            Temple (1/1) D:6            Lair (5/5) D:8
 Shoals (4/4) Lair:3       Spider (4/4) Lair:2        Slime (0/5) Lair:5
    Orc (2/2) D:11            Elf (0/3) Orc:2        Vaults (4/5) D:13
  Crypt (0/3) Vaults:3     Depths (4/4) D:15
    Zot: Depths:4

Altars:
Ashenzari
Cheibriados
Dithmenos
Elyvilon
Fedhas
Gozag
Hepliaklqana
Kikubaaqudgha
Makhleb
Nemelex Xobeh
Okawaru
Qazlal
Ru
Sif Muna
Trog
Uskayaw
Vehumet
Wu Jian
Xom
Yredelemnul
Zin
The Shining One
Jiyva

Shops:
D:14 *   Orc:2 [(*:   Vaults:3 **:   Vaults:4 (   Depths:2 *   Depths:3 *

Portals:
Hell: Depths:1 Depths:2 Depths:3
Abyss: Depths:3
Pandemonium: Depths:1 Depths:2
Ziggurat: Depths:4
Trove: D:12 (give 3 potions of resistance)

Annotations:
D:10 4 transporters
D:14 6 transporters
D:15 3 runed translucent doors, AyAyRon's ghost, adept DsFi
Lair:2 2 transporters
Vaults:3 3 runed translucent doors, TPoD's ghost, adept HOMo
Depths:4 Saint Roka; the Enchantress


Message History

You slice the deep troll!!
A freezing mist starts to gather... x2
An orc simulacrum and a deep troll shaman simulacrum come into view.
You block the hell knight's attack. x2; You block the deep troll's attack.
The deep troll claws you but does no damage. x2
The spark wasp simulacrum hits you! The spark wasp simulacrum freezes you!!
49002 ||| DRINKING potion of heal wounds.
You feel much better.
The necromancer's soul is no longer bound.
The death yak changes into an ice dragon!
You block the hell knight's attack.
The hell knight hits you but does no damage.
Space warps around you. You block the deep troll's attack. x3
The orc priest mumbles some strange prayers to Beogh against you.
Beogh smites you! The fire dragon bites you.
The fire dragon claws you but does no damage.
The fire dragon closely misses you. The spark wasp simulacrum misses you.
The deep troll bites you but does no damage.
You block the deep troll's attack. x2; The hell knight misses you.
The tengu warrior barely misses you. The deep troll closely misses you.
You block the deep troll's attack. The deep troll closely misses you.
The hell knight hits you but does no damage.
You blink.
You slice the purple draconian!! You headbutt the purple draconian!
Your peck misses the purple draconian.
The purple draconian is moderately wounded.
You completely miss the tengu conjurer. You hit the battlesphere.
The tengu warrior hits you but does no damage.
You block the tengu conjurer's attack. x2
The tengu conjurer claws you but does no damage.
You slice the purple draconian!!
You headbutt the purple draconian, but do no damage.
The purple draconian is heavily wounded.
You slash the tengu conjurer!
You block the purple draconian's attack.
The necromancer gestures wildly while chanting.
The necromancer binds the souls of nearby monsters.
The fire dragon breathes flames at you. The blast of flame hits you!
You resist.
You die...

#.......#...........
....#..o...............T
.......o...............¤
.......Zo)op..p........¤
......DTTT¤p...........¤
.........GZ0p.#.........
.....DQDoZT#...#......
...##..p.T#..#......7...
.......Q@d..##.##.......#
..............#.. ..
#....##......#.. #
####.#####*...#.###
......#~##.....#..
.....$T~.d........
.~¤.[.T~.........#
.....TT~~.....8..#
......T~w........#


You could see Saint Roka, a purple draconian (soul bound), 2 fire dragons, an
ice dragon shaped shifter, 3 hell knights, a tengu warrior (soul bound), a
glowing orange brain, 3 deep trolls, a deep troll earth mage (soul bound), 2
necromancers, a troll (soul bound), a tengu conjurer, an orc priest (soul bound,
strong), a battlesphere, an orc simulacrum, a deep troll shaman simulacrum, a
spark wasp simulacrum and 3 orcs.

Vanquished Creatures
  An ancient lich (Depths:2)
  Boris (twice) (Vaults:4 Depths:4)
  Bai Suzhen (Spider:3)
  2 golden dragons (Depths:3)
  A tentacled monstrosity (Depths:3)
  Jorgrun (Orc:2)
  Zenata (Vaults:1)
  2 liches
  A quicksilver dragon (Depths:3)
  An ancient champion (Vaults:3)
  4 sphinxes
  Polyphemus (Shoals:3)
  A shadow dragon (Depths:4)
  3 storm dragons (Depths:3)
  Donald (Vaults:4)
  6 tengu reavers
  2 fire giants (Depths:3)
  3 emperor scorpions
  8 frost giants
  5 ghost moths
  9 vault wardens
  12 very ugly things
  2 angels (Vaults:4)
  5 orc warlords
  2 spriggan defenders (Depths:3)
  4 stone giants
  18 ironbound preservers
  2 war gargoyles
  11 ironbound thunderhulks
  A deep elf annihilator (Depths:2)
  A green draconian (Depths:4)
  2 white draconians (Depths:4)
  9 spark wasps
  9 dire elephants
  Snorg (Lair:4)
  8 merfolk javelineers
  A crystal guardian (Vaults:2)
  7 ettins
  10 yaktaur captains
  5 fire dragons
  7 merfolk impalers
  9 vault guards
  13 ice dragons
  4 entropy weavers
  3 great orbs of eyes
  2 peacekeepers
  3 rakshasas (Depths:1)
  21 centaur warriors
  An ogre mage (Vaults:4)
  4 catoblepae
  4 jorogumos
  4 radroaches
  7 hydras
  5 merfolk avatars
  6 boulder beetles
  4 ironbound frosthearts
  9 two-headed ogres
  3 spriggan air magi (Depths:3)
  An alligator snapping turtle (Shoals:4)
  3 merfolk aquamancers (Shoals:4)
  10 deep troll earth magi
  A satyr (Shoals:4)
  8 spriggan berserkers
  27 death yaks
  5 death scarabs (Spider:4)
  2 tengu warriors
  15 deep troll shamans
  2 orc high priests (Orc:2)
  Sonja (D:10)
  3 vampire magi
  2 hell knights
  9 iron trolls
  A skeletal warrior (Vaults:3)
  A sun moth (Spider:4)
  Lodul (D:13)
  5 pharaoh ants
  7 sea snakes
  73 deep trolls
  12 steelbarb worms
  9 orb spiders
  2 flayed ghosts (Depths:4)
  4 glowing orange brains
  33 harpies
  16 wizards
  7 lindwurms
  4 necromancers
  4 spectral wolf spiders (Spider:4)
  6 orc knights
  20 ironbound convokers
  6 deep elf pyromancers
  2 phantasmal warriors (Vaults:3)
  30 ugly things
  A broodmother zombie (Spider:4)
  19 wolf spiders
  5 orc sorcerers (Orc:2)
  5 cyclopes
  15 manticores
  12 fauns
  5 moths of wrath
  A moth of wrath (shapeshifter) (Depths:4)
  6 merfolk sirens
  19 elephants
  3 black mambas
  18 vault sentinels
  9 torpor snails
  6 water nymphs
  3 gargoyles
  2 cane toads (shapeshifter)
  9 cane toads
  2 efreet
  A spectral redback (Spider:4)
  A kobold demonologist (D:12)
  2 rime drakes
  A freezing wraith (D:14)
  12 demonic crawlers
  An ice devil (Depths:1)
  25 yaktaurs
  A redback zombie (Spider:4)
  12 komodo dragons
  4 tengu conjurers
  9 meliai
  8 trolls
  7 wind drakes
  31 merfolk
  A spectral culicivora (Spider:4)
  2 polar bears
  16 dream sheep
  A spectral tarantella (Spider:4)
  9 hornets
  18 tarantellas
  4 spectral jumping spiders (Spider:4)
  20 slime creatures
  A tarantella zombie (Spider:4)
  16 blink frogs
  13 snapping turtles
  19 jumping spiders
  A centaur simulacrum (D:15)
  5 wyverns
  21 culicivoras
  8 spriggans
  Sigmund (D:3)
  51 yaks
  2 vampires
  5 water elementals
  A human (shapeshifter) (D:15)
  A wraith (D:11)
  A hog (shapeshifter) (Vaults:2)
  A basilisk (D:14)
  A steam dragon (D:6)
  43 redbacks
  5 vampire mosquitoes
  7 wargs
  3 swamp worms (Lair:5)
  Menkaure (D:6)
  11 water moccasins
  Duvessa (D:6)
  5 ice beasts
  29 orc warriors
  10 wolves
  15 centaurs
  21 ogres
  2 kobold brigands
  15 bullfrogs
  3 necrophages
  4 scorpions
  2 wyvern zombies (D:7)
  9 wights (D:7)
  Dowan (D:6)
  10 killer bees
  An electric eel (Lair:3)
  2 lava snakes (D:10)
  5 howler monkeys
  2 hounds
  3 jellies
  21 orc priests
  12 human skeletons (Vaults:2)
  3 iguanas
  A gnoll bouda (D:6)
  Natasha (thrice) (D:3)
  25 orc wizards
  Robin (D:4)
  A howler monkey zombie (D:7)
  9 gnolls
  5 adders
  15 white imps
  An ufetubus (D:5)
  2 worms (D:2)
  A dart slug (D:1)
  77 orcs
  5 endoplasms
  3 giant cockroaches
  17 goblins
  12 hobgoblins
  2 jackals (D:1)
  14 kobolds
  2 quokkas
  7 ball pythons
  3 bats (D:2)
  A frilled lizard (D:3)
  4 rats
1538 creatures vanquished.

Vanquished Creatures (others)
  A centaur warrior (Shoals:1)
  A sea snake (Shoals:1)
  A deep elf zephyrmancer (Depths:2)
  31 fungi
  118 plants
  A withered plant (D:7)
153 creatures vanquished.

Grand Total: 1691 creatures vanquished

Notes
Turn   | Place    | Note
-------+----------+-------------------------------------------
     0 | D:1      | qw the Gargoyle Fighter began the quest for the Orb.
     0 | D:1      | Reached XP level 1. HP: 14/14 MP: 1/1
     0 | D:1      | 0 ||| qw: Version: 0.2-a-12-gaebbb33
     0 | D:1      | 0 ||| qw: Game counter: 1269
     0 | D:1      | 0 ||| qw: Always use a shield: true
     0 | D:1      | 0 ||| qw: God list: Okawaru
     0 | D:1      | 0 ||| qw: Allow faded altars: false
     0 | D:1      | 0 ||| qw: Do Orc after D:15 true
     0 | D:1      | 0 ||| qw: Do second Lair branch before Depths: true
     0 | D:1      | 0 ||| qw: Lair rune preference: random
     0 | D:1      | 0 ||| qw: Plans: Normal, Zot:1-4, God:TSO, Crypt, Tomb,
                  | Pan, Slime:5, Hells, Abyss, Orb
     0 | D:1      | 0 ||| PLANNING D:1-11
   241 | D:1      | 241 ||| Stepping ~*~*~tactically~*~*~ (stealth).
   267 | D:1      | Reached XP level 2. HP: 19/19 MP: 2/2
   773 | D:1      | 773 ||| UPGRADING to amulet of reflection.
   778 | D:1      | 778 ||| DROPPING ring of magical power.
   779 | D:1      | 779 ||| READING scroll labelled ETSOCU VEYPEM.
   783 | D:1      | 783 ||| READING 2 scrolls labelled JUPOUKK WAOWYISTIM.
   784 | D:1      | 784 ||| DROPPING scroll of butterflies.
   798 | D:2      | 798 ||| Stepping ~*~*~tactically~*~*~ (stealth).
   813 | D:2      | Reached skill level 3 in Axes
   813 | D:2      | Reached XP level 3. HP: 23/23 MP: 3/3
   820 | D:2      | 820 ||| DROPPING +0 whip.
   917 | D:2      | 917 ||| Stepping ~*~*~tactically~*~*~ (stealth).
  1165 | D:2      | Reached XP level 4. HP: 28/28 MP: 4/4
  1532 | D:2      | 1532 ||| Stepping ~*~*~tactically~*~*~ (stealth).
  1533 | D:2      | 1533 ||| Stepping ~*~*~tactically~*~*~ (stealth).
  1950 | D:2      | 1950 ||| UPGRADING to +0 helmet.
  1955 | D:2      | 1955 ||| DROPPING scarf of harm.
  1956 | D:2      | 1956 ||| READING scroll labelled QAGEX WITEHY.
  1957 | D:2      | 1957 ||| DRINKING 2 ruby potions.
  1958 | D:2      | 1958 ||| DROPPING potion of brilliance.
  1999 | D:3      | Noticed Sigmund
  2006 | D:3      | Killed Sigmund
  2007 | D:3      | Reached XP level 5. HP: 10/32 MP: 5/5
  2007 | D:3      | Reached XP level 6. HP: 12/37 MP: 6/6
  2362 | D:3      | Noticed Natasha
  2371 | D:3      | Killed Natasha
  2418 | D:3      | Identified the +9 chain mail of Depression {rF+ Will+}
  2463 | D:3      | 2463 ||| Stepping ~*~*~tactically~*~*~ (stealth).
  2464 | D:3      | 2464 ||| Stepping ~*~*~tactically~*~*~ (stealth).
  2467 | D:3      | 2467 ||| Stepping ~*~*~tactically~*~*~ (stealth).
  2574 | D:3      | Noticed Natasha
  2596 | D:3      | Killed Natasha
  2716 | D:3      | Noticed Natasha
  2730 | D:3      | Killed Natasha
  2904 | D:3      | Found a blossoming altar of Fedhas.
  2927 | D:3      | Noticed an oklob plant
  3116 | D:3      | 3116 ||| UPGRADING to +2 tower shield.
  3126 | D:3      | 3126 ||| DROPPING +0 buckler.
  3127 | D:3      | 3127 ||| UPGRADING to +9 chain mail of Depression {rF+
                  | Will+}.
  3137 | D:3      | 3137 ||| DROPPING +0 scale mail.
  3138 | D:3      | 3138 ||| UPGRADING to +1 pair of gloves.
  3143 | D:3      | 3143 ||| DROPPING amulet of the acrobat.
  3144 | D:3      | 3144 ||| UPGRADING to +4 ring of protection.
  3145 | D:3      | 3145 ||| DROPPING ring of wizardry.
  3146 | D:3      | 3146 ||| READING scroll labelled VENOESM GUOHE.
  3147 | D:3      | 3147 ||| READING scroll labelled CEILIPACYB.
  3148 | D:3      | 3148 ||| READING scroll labelled ELUECLUUBBAF.
  3230 | D:4      | 3230 ||| DRINKING 2 fuming red potions.
  3231 | D:4      | 3231 ||| READING 2 scrolls of teleportation.
  3275 | D:4      | 3275 ||| Stepping ~*~*~tactically~*~*~ (stealth).
  3363 | D:4      | 3363 ||| Stepping ~*~*~tactically~*~*~ (stealth).
  3373 | D:4      | 3373 ||| Stepping ~*~*~tactically~*~*~ (hiding).
  3375 | D:4      | Noticed Robin
  3378 | D:4      | HP: 8/38 [orc priest/divine providence (16)]
  3379 | D:4      | 3379 ||| READING scroll of teleportation.
  3380 | D:4      | 3380 ||| DRINKING potion of heal wounds.
  3440 | D:4      | 3440 ||| Stepping ~*~*~tactically~*~*~ (stealth).
  3448 | D:4      | 3448 ||| Stepping ~*~*~tactically~*~*~ (stealth).
  3450 | D:4      | 3450 ||| Stepping ~*~*~tactically~*~*~ (stealth).
  3456 | D:4      | 3456 ||| Stepping ~*~*~tactically~*~*~ (stealth).
  3461 | D:4      | 3461 ||| Stepping ~*~*~tactically~*~*~ (stealth).
  3524 | D:4      | Killed Robin
  3552 | D:4      | 3552 ||| Stepping ~*~*~tactically~*~*~ (hiding).
  3565 | D:4      | Reached XP level 7. HP: 21/43 MP: 7/7
  3569 | D:4      | HP: 9/43 [orc priest/divine providence (12)]
  3603 | D:4      | 3603 ||| Stepping ~*~*~tactically~*~*~ (stealth).
  3606 | D:4      | 3606 ||| Stepping ~*~*~tactically~*~*~ (stealth).
  3935 | D:4      | 3935 ||| Stepping ~*~*~tactically~*~*~ (stealth).
  3962 | D:4      | 3962 ||| Stepping ~*~*~tactically~*~*~ (hiding).
  4134 | D:4      | 4134 ||| DROPPING amulet of faith.
  4135 | D:4      | 4135 ||| DRINKING 2 lumpy amethyst potions.
  4208 | D:5      | Entered Level 5 of the Dungeon
  4247 | D:5      | 4247 ||| Stepping ~*~*~tactically~*~*~ (stealth).
  4260 | D:5      | 4260 ||| Stepping ~*~*~tactically~*~*~ (stealth).
  4390 | D:5      | 4390 ||| Stepping ~*~*~tactically~*~*~ (stealth).
  4460 | D:5      | Reached skill level 6 in Shields
  4632 | D:5      | Identified the +0 scale mail of Noryowk {rCorr Int+2}
  4878 | D:5      | Found a glowing silver altar of Zin.
  5046 | D:5      | Reached XP level 8. HP: 48/48 MP: 8/8
  5295 | D:5      | 5295 ||| UPGRADING to +0 cloak.
  5300 | D:5      | 5300 ||| READING scroll labelled SEIVARYHIR.
  5301 | D:5      | 5301 ||| DRINKING 2 blue potions.
  5302 | D:5      | 5302 ||| DROPPING potion of degeneration.
  5320 | D:6      | 5320 ||| Stepping ~*~*~tactically~*~*~ (hiding).
  5355 | D:6      | Noticed Dowan
  5356 | D:6      | Noticed Duvessa
  5373 | D:6      | Killed Dowan
  5377 | D:6      | Killed Duvessa
  5378 | D:6      | Reached skill level 1 in Throwing
  5614 | D:6      | Noticed Menkaure
  5622 | D:6      | Killed Menkaure
  5623 | D:6      | Reached skill level 9 in Shields
  5681 | D:6      | Reached skill level 6 in Axes
  5770 | D:6      | Found a staircase to the Ecumenical Temple.
  5771 | D:6      | 5771 ||| PLANNING TEMPLE
  5771 | D:6      | 5771 ||| READING scroll labelled TOCOXO WOUCICH.
  5828 | D:6      | 5828 ||| DRINKING 2 coppery potions.
  5828 | D:6      | Gained mutation: You have a pair of small horns on your
                  | head. [potion of mutation]
  5828 | D:6      | Gained mutation: You are somewhat resistant to further
                  | mutation. [potion of mutation]
  5828 | D:6      | Gained mutation: You have a beak for a mouth. [potion of
                  | mutation]
  5829 | D:6      | 5829 ||| DROPPING +0 helmet.
  5836 | Temple   | Entered the Ecumenical Temple
  5836 | Temple   | Found a transporter.
  5836 | Temple   | Found a transporter.
  5838 | Temple   | Found a transporter.
  5838 | Temple   | Found a transporter.
  5848 | Temple   | 5848 ||| PLANNING D:1-11
  5909 | Temple   | 5909 ||| PLANNING OKAWARU WORSHIP
  5916 | Temple   | Became a worshipper of Warmaster Okawaru
  5917 | Temple   | 5917 ||| PLANNING D:1-11
  6050 | D:6      | Reached XP level 9. HP: 45/52 MP: 9/9
  6139 | D:6      | Reached skill level 1 in Dodging
  6337 | D:6      | 6337 ||| READING scroll labelled SIAZAI WYGYRR.
  6409 | D:7      | Reached * piety under Okawaru
  6458 | D:7      | Reached skill level 1 in Invocations
  6628 | D:7      | 6628 ||| Stepping ~*~*~tactically~*~*~ (hiding).
  6666 | D:7      | 6666 ||| INVOKING Heroism.
  6722 | D:7      | Reached skill level 3 in Invocations
  6831 | D:7      | Reached ** piety under Okawaru
  7023 | D:7      | 7023 ||| INVOKING Heroism.
  7150 | D:7      | 7150 ||| INVOKING Heroism.
  7243 | D:7      | 7243 ||| Stepping ~*~*~tactically~*~*~ (stealth).
  7286 | D:7      | 7286 ||| INVOKING Heroism.
  7478 | D:7      | 7478 ||| UPGRADING to +6 ring of dexterity.
  7479 | D:7      | 7479 ||| READING scroll labelled RIUDEI EDGHIGANLAL.
  7480 | D:7      | 7480 ||| DRINKING 2 cyan potions.
  7481 | D:7      | 7481 ||| READING 4 scrolls of identify.
  7481 | D:7      | 7481 ||| IDENTIFYING murky ruby potion
  7482 | D:7      | 7482 ||| READING 3 scrolls of identify.
  7482 | D:7      | 7482 ||| IDENTIFYING fizzy ruby potion
  7483 | D:7      | 7483 ||| DROPPING potion of flight.
  7520 | D:8      | Reached XP level 10. HP: 59/59 MP: 13/13
  7585 | D:8      | Found an ornate altar of the Wu Jian Council.
  7585 | D:8      | Noticed a death yak
  7586 | D:8      | 7586 ||| INVOKING Heroism.
  7594 | D:8      | Killed a death yak
  7596 | D:8      | 7596 ||| Stepping ~*~*~tactically~*~*~ (stealth).
  7626 | D:8      | Noticed a death yak
  7626 | D:8      | 7626 ||| Stepping ~*~*~tactically~*~*~ (stealth).
  7628 | D:8      | 7628 ||| Stepping ~*~*~tactically~*~*~ (stealth).
  7630 | D:8      | 7630 ||| Stepping ~*~*~tactically~*~*~ (stealth).
  7632 | D:8      | 7632 ||| Stepping ~*~*~tactically~*~*~ (stealth).
  7633 | D:8      | Noticed a death yak
  7634 | D:8      | 7634 ||| Stepping ~*~*~tactically~*~*~ (stealth).
  7635 | D:8      | 7635 ||| INVOKING Heroism.
  7651 | D:8      | Killed a death yak
  7651 | D:8      | Reached *** piety under Okawaru
  7655 | D:8      | 7655 ||| INVOKING Heroism.
  7665 | D:8      | Reached skill level 6 in Fighting
  7671 | D:8      | Killed a death yak
  7671 | D:8      | Reached **** piety under Okawaru
  7795 | D:8      | Found a staircase to the Lair.
  7827 | D:8      | 7827 ||| Stepping ~*~*~tactically~*~*~ (stealth).
  7883 | D:8      | Reached skill level 9 in Axes
  7955 | D:8      | 7955 ||| Stepping ~*~*~tactically~*~*~ (hiding).
  7961 | D:8      | 7961 ||| INVOKING Heroism.
  7963 | D:8      | Received a gift from Okawaru
  8154 | D:8      | 8154 ||| Stepping ~*~*~tactically~*~*~ (hiding).
  8157 | D:8      | 8157 ||| INVOKING Heroism.
  8271 | D:8      | Found a burning altar of Makhleb.
  8419 | D:8      | 8419 ||| PLANNING LAIR
  8519 | D:8      | 8519 ||| READING scroll labelled VEQEGGIEKK.
  8556 | Lair:1   | Entered Level 1 of the Lair of Beasts
  8610 | Lair:1   | Reached XP level 11. HP: 64/64 MP: 13/15
  8650 | Lair:1   | 8650 ||| INVOKING Heroism.
  8660 | Lair:1   | 8660 ||| Stepping ~*~*~tactically~*~*~ (stealth).
  8675 | Lair:1   | 8675 ||| INVOKING Heroism.
  8676 | Lair:1   | 8676 ||| Stepping ~*~*~tactically~*~*~ (stealth).
  8677 | Lair:1   | 8677 ||| Stepping ~*~*~tactically~*~*~ (stealth).
  8684 | Lair:1   | Reached skill level 3 in Throwing
  8684 | Lair:1   | Reached skill level 6 in Invocations
  8735 | Lair:1   | 8735 ||| Stepping ~*~*~tactically~*~*~ (stealth).
  8736 | Lair:1   | 8736 ||| Stepping ~*~*~tactically~*~*~ (stealth).
  8738 | Lair:1   | 8738 ||| INVOKING Heroism.
  8739 | Lair:1   | 8739 ||| Stepping ~*~*~tactically~*~*~ (stealth).
  8808 | Lair:1   | Reached ***** piety under Okawaru
  8855 | Lair:1   | 8855 ||| READING scroll of enchant weapon.
  8855 | Lair:1   | 8855 ||| ENCHANTING +1 war axe.
  8874 | Lair:1   | Identified the +1 pair of gloves of Mysticism {rPois rF++
                  | rC- Dex+2}
  8933 | Lair:1   | 8933 ||| INVOKING Heroism.
  8942 | Lair:1   | Reached skill level 12 in Shields
  8996 | Lair:1   | 8996 ||| INVOKING Heroism.
  9152 | Lair:1   | 9152 ||| Stepping ~*~*~tactically~*~*~ (hiding).
  9153 | Lair:1   | 9153 ||| Stepping ~*~*~tactically~*~*~ (hiding).
  9311 | Lair:1   | 9311 ||| INVOKING Heroism.
  9364 | Lair:1   | 9364 ||| INVOKING Heroism.
  9497 | Lair:1   | 9497 ||| INVOKING Heroism.
  9521 | Lair:1   | Received a gift from Okawaru
  9540 | Lair:1   | 9540 ||| READING scroll of enchant armour.
  9540 | Lair:1   | 9540 ||| ENCHANTING +1 pair of gloves.
  9551 | Lair:1   | 9551 ||| DROPPING +0 flail.
  9738 | Lair:2   | 9738 ||| Stepping ~*~*~tactically~*~*~ (hiding).
  9739 | Lair:2   | 9739 ||| Stepping ~*~*~tactically~*~*~ (hiding).
  9807 | Lair:2   | Found a transporter.
  9819 | Lair:2   | 9819 ||| INVOKING Heroism.
  9841 | Lair:2   | Noticed a death yak
  9842 | Lair:2   | 9842 ||| INVOKING Finesse.
  9843 | Lair:2   | 9843 ||| INVOKING Finesse.
  9844 | Lair:2   | Noticed a death yak
  9852 | Lair:2   | Noticed a death yak
  9857 | Lair:2   | Killed a death yak
  9857 | Lair:2   | Identified the +8 tower shield of the Valley of Death
                  | {Contam rElec rN+} (Okawaru gifted it to you on level 2 of
                  | the Lair of Beasts)
  9857 | Lair:2   | Received a gift from Okawaru
  9858 | Lair:2   | Reached skill level 9 in Invocations
  9866 | Lair:2   | Killed a death yak
  9867 | Lair:2   | Reached XP level 12. HP: 48/72 MP: 13/19
  9872 | Lair:2   | 9872 ||| INVOKING Heroism.
  9878 | Lair:2   | Killed a death yak
  9960 | Lair:2   | 9960 ||| INVOKING Heroism.
 10015 | Lair:2   | 10015 ||| Stepping ~*~*~tactically~*~*~ (stealth).
 10086 | Lair:2   | Found a hole to the Spider Nest.
 10153 | Lair:2   | 10153 ||| Stepping ~*~*~tactically~*~*~ (stealth).
 10156 | Lair:2   | Noticed an eight-headed hydra
 10157 | Lair:2   | 10157 ||| Stepping ~*~*~tactically~*~*~ (stealth).
 10176 | Lair:2   | 10176 ||| INVOKING Heroism.
 10177 | Lair:2   | 10177 ||| INVOKING Finesse.
 10180 | Lair:2   | 10180 ||| SWAPPING to +0 morningstar.
 10185 | Lair:2   | Killed an eight-headed hydra
 10186 | Lair:2   | 10186 ||| SWAPPING to +2 war axe.
 10273 | Lair:2   | You fall into a shaft and drop 1 floor!
 10277 | Lair:3   | 10277 ||| UPGRADING to +8 tower shield of the Valley of
                  | Death {Contam rElec rN+}.
 10287 | Lair:3   | 10287 ||| DROPPING +2 tower shield.
 10308 | Lair:2   | Found a transporter.
 10324 | Lair:2   | 10324 ||| INVOKING Heroism.
 10363 | Lair:2   | 10363 ||| Stepping ~*~*~tactically~*~*~ (stealth).
 10642 | Lair:2   | 10642 ||| Stepping ~*~*~tactically~*~*~ (stealth).
 10643 | Lair:2   | 10643 ||| Stepping ~*~*~tactically~*~*~ (stealth).
 10644 | Lair:2   | 10644 ||| Stepping ~*~*~tactically~*~*~ (stealth).
 10645 | Lair:2   | 10645 ||| Stepping ~*~*~tactically~*~*~ (stealth).
 10652 | Lair:2   | 10652 ||| INVOKING Heroism.
 10792 | Lair:2   | 10792 ||| Stepping ~*~*~tactically~*~*~ (stealth).
 10797 | Lair:2   | 10797 ||| Stepping ~*~*~tactically~*~*~ (stealth).
 10814 | Lair:2   | 10814 ||| Stepping ~*~*~tactically~*~*~ (stealth).
 10817 | Lair:2   | 10817 ||| Stepping ~*~*~tactically~*~*~ (stealth).
 10863 | Lair:3   | 10863 ||| STAIRDANCE
 10868 | Lair:2   | Reached skill level 6 in Armour
 10870 | Lair:3   | 10870 ||| STAIRDANCE
 10872 | Lair:2   | 10872 ||| INVOKING Heroism.
 10938 | Lair:3   | 10938 ||| STAIRDANCE
 10944 | Lair:3   | 10944 ||| INVOKING Heroism.
 11009 | Lair:3   | Identified the +1 ring mail of Context {Contam rPois rC++
                  | Dex+4 SInv}
 11076 | Lair:3   | 11076 ||| INVOKING Heroism.
 11115 | Lair:3   | Found a staircase to the Shoals.
 11116 | Lair:3   | 11116 ||| INVOKING Heroism.
 11229 | Lair:3   | Identified the +8 spear "Woummos" {freeze, rF+}
 11252 | Lair:3   | 11252 ||| READING scroll of enchant armour.
 11252 | Lair:3   | 11252 ||| ENCHANTING +0 cloak.
 11540 | Lair:3   | 11540 ||| DROPPING amulet of regeneration.
 11541 | Lair:3   | 11541 ||| READING scroll labelled WAMIWA NIFFE.
 11542 | Lair:3   | 11542 ||| READING scroll labelled REHOUC CENEZI.
 11542 | Lair:3   | Identified a scroll of acquirement
 11542 | Lair:3   | 11542 ||| ACQUIRING 979 gold pieces
 11542 | Lair:3   | Acquired 979 gold pieces
 11544 | Lair:3   | 11544 ||| READING 4 scrolls of identify.
 11544 | Lair:3   | 11544 ||| IDENTIFYING sedimented clear potion
 11568 | Lair:4   | 11568 ||| STAIRDANCE
 11606 | Lair:4   | 11606 ||| Stepping ~*~*~tactically~*~*~ (stealth).
 11608 | Lair:4   | 11608 ||| Stepping ~*~*~tactically~*~*~ (stealth).
 11707 | Lair:4   | Identified the +4 scale mail of Sarchi Syeps {rC+ Regen+}
                  | (Okawaru gifted it to you on level 4 of the Lair of Beasts)
 11707 | Lair:4   | Received a gift from Okawaru
 11807 | Lair:4   | 11807 ||| INVOKING Heroism.
 11836 | Lair:4   | 11836 ||| READING scroll of enchant armour.
 11836 | Lair:4   | 11836 ||| ENCHANTING +1 cloak.
 11888 | Lair:4   | Reached XP level 13. HP: 79/79 MP: 20/20
 11890 | Lair:4   | 11890 ||| INVOKING Heroism.
 12066 | Lair:4   | Noticed Snorg
 12067 | Lair:4   | 12067 ||| INVOKING Heroism.
 12068 | Lair:4   | 12068 ||| INVOKING Finesse.
 12075 | Lair:4   | Reached skill level 9 in Fighting
 12093 | Lair:4   | Killed Snorg
 12187 | Lair:4   | 12187 ||| INVOKING Heroism.
 12188 | Lair:4   | 12188 ||| Stepping ~*~*~tactically~*~*~ (stealth).
 12189 | Lair:4   | 12189 ||| Stepping ~*~*~tactically~*~*~ (stealth).
 12211 | Lair:4   | Reached skill level 3 in Dodging
 12373 | Lair:4   | 12373 ||| INVOKING Heroism.
 12864 | Lair:5   | Entered Level 5 of the Lair of Beasts
 12864 | Lair:5   | Found a staircase to the Slime Pits.
 12864 | Lair:5   | Found a viscous altar of Jiyva.
 12865 | Lair:5   | 12865 ||| INVOKING Heroism.
 12866 | Lair:5   | 12866 ||| STAIRDANCE
 12880 | Lair:5   | 12880 ||| STAIRDANCE
 12960 | Lair:5   | 12960 ||| STAIRDANCE
 12962 | Lair:4   | 12962 ||| INVOKING Heroism.
 12963 | Lair:4   | 12963 ||| INVOKING Finesse.
 13096 | Lair:5   | 13096 ||| STAIRDANCE
 13154 | Lair:5   | 13154 ||| STAIRDANCE
 13156 | Lair:4   | 13156 ||| INVOKING Heroism.
 13168 | Lair:4   | Reached skill level 12 in Axes
 13226 | Lair:5   | 13226 ||| STAIRDANCE
 13228 | Lair:4   | 13228 ||| INVOKING Heroism.
 13264 | Lair:5   | 13264 ||| STAIRDANCE
 13266 | Lair:4   | 13266 ||| INVOKING Heroism.
 13281 | Lair:5   | 13281 ||| STAIRDANCE
 13283 | Lair:4   | 13283 ||| INVOKING Finesse.
 13324 | Lair:5   | 13324 ||| STAIRDANCE
 13326 | Lair:4   | 13326 ||| INVOKING Heroism.
 13499 | Lair:5   | 13499 ||| INVOKING Heroism.
 13505 | Lair:5   | 13505 ||| STAIRDANCE
 13621 | Lair:5   | 13621 ||| STAIRDANCE
 13623 | Lair:4   | 13623 ||| INVOKING Heroism.
 13638 | Lair:5   | 13638 ||| STAIRDANCE
 13645 | Lair:5   | 13645 ||| STAIRDANCE
 13658 | Lair:5   | 13658 ||| INVOKING Heroism.
 13661 | Lair:5   | 13661 ||| STAIRDANCE
 13689 | Lair:5   | 13689 ||| INVOKING Finesse.
 13691 | Lair:5   | 13691 ||| INVOKING Heroism.
 13753 | Lair:5   | 13753 ||| Stepping ~*~*~tactically~*~*~ (hiding).
 13756 | Lair:5   | 13756 ||| INVOKING Heroism.
 13757 | Lair:5   | 13757 ||| INVOKING Finesse.
 13824 | Lair:5   | Gained mutation: Your large and strong wings let you fly.
                  | [Gargoyle growth]
 13824 | Lair:5   | Reached XP level 14. HP: 88/88 MP: 21/21
 13829 | Lair:5   | 13829 ||| Stepping ~*~*~tactically~*~*~ (stealth).
 13837 | Lair:5   | 13837 ||| Stepping ~*~*~tactically~*~*~ (stealth).
 13839 | Lair:5   | 13839 ||| INVOKING Heroism.
 13840 | Lair:5   | 13840 ||| INVOKING Finesse.
 13841 | Lair:5   | 13841 ||| Stepping ~*~*~tactically~*~*~ (stealth).
 13897 | Lair:5   | 13897 ||| INVOKING Heroism.
 13899 | Lair:5   | 13899 ||| INVOKING Finesse.
 13920 | Lair:5   | Reached skill level 15 in Shields
 13962 | Lair:5   | 13962 ||| Stepping ~*~*~tactically~*~*~ (hiding).
 13979 | Lair:5   | 13979 ||| Stepping ~*~*~tactically~*~*~ (stealth).
 14040 | Lair:5   | 14040 ||| INVOKING Heroism.
 14041 | Lair:5   | 14041 ||| INVOKING Finesse.
 14056 | Lair:5   | Received a gift from Okawaru
 14098 | Lair:5   | Identified the +1 scale mail of Zin's Indignation {+Blink
                  | rC+ rN++ Dex+4}
 14119 | Lair:5   | 14119 ||| INVOKING Heroism.
 14120 | Lair:5   | 14120 ||| INVOKING Finesse.
 14290 | Lair:5   | 14290 ||| Stepping ~*~*~tactically~*~*~ (stealth).
 14291 | Lair:5   | 14291 ||| Stepping ~*~*~tactically~*~*~ (stealth).
 14300 | Lair:5   | Received a gift from Okawaru
 14307 | Lair:5   | 14307 ||| INVOKING Heroism.
 14354 | Lair:5   | 14354 ||| Stepping ~*~*~tactically~*~*~ (stealth).
 14355 | Lair:5   | 14355 ||| INVOKING Heroism.
 14356 | Lair:5   | 14356 ||| Stepping ~*~*~tactically~*~*~ (hiding).
 14357 | Lair:5   | 14357 ||| Stepping ~*~*~tactically~*~*~ (hiding).
 14389 | Lair:5   | 14389 ||| Stepping ~*~*~tactically~*~*~ (stealth).
 14390 | Lair:5   | 14390 ||| Stepping ~*~*~tactically~*~*~ (stealth).
 14392 | Lair:5   | 14392 ||| INVOKING Heroism.
 14513 | Lair:5   | 14513 ||| INVOKING Heroism.
 14514 | Lair:5   | 14514 ||| INVOKING Finesse.
 14515 | Lair:5   | 14515 ||| Stepping ~*~*~tactically~*~*~ (stealth).
 14516 | Lair:5   | 14516 ||| Stepping ~*~*~tactically~*~*~ (stealth).
 14520 | Lair:5   | 14520 ||| Stepping ~*~*~tactically~*~*~ (stealth).
 14541 | Lair:5   | 14541 ||| SWAPPING to +0 morningstar.
 14542 | Lair:5   | 14542 ||| Stepping ~*~*~tactically~*~*~ (outnumbered).
 14543 | Lair:5   | 14543 ||| Stepping ~*~*~tactically~*~*~ (outnumbered).
 14544 | Lair:5   | 14544 ||| Stepping ~*~*~tactically~*~*~ (outnumbered).
 14545 | Lair:5   | 14545 ||| Stepping ~*~*~tactically~*~*~ (outnumbered).
 14546 | Lair:5   | 14546 ||| Stepping ~*~*~tactically~*~*~ (outnumbered).
 14547 | Lair:5   | 14547 ||| Stepping ~*~*~tactically~*~*~ (outnumbered).
 14548 | Lair:5   | 14548 ||| Stepping ~*~*~tactically~*~*~ (outnumbered).
 14550 | Lair:5   | 14550 ||| Stepping ~*~*~tactically~*~*~ (outnumbered).
 14551 | Lair:5   | 14551 ||| Stepping ~*~*~tactically~*~*~ (outnumbered).
 14552 | Lair:5   | 14552 ||| Stepping ~*~*~tactically~*~*~ (outnumbered).
 14553 | Lair:5   | 14553 ||| Stepping ~*~*~tactically~*~*~ (outnumbered).
 14554 | Lair:5   | 14554 ||| Stepping ~*~*~tactically~*~*~ (outnumbered).
 14561 | Lair:5   | 14561 ||| Stepping ~*~*~tactically~*~*~ (outnumbered).
 14566 | Lair:5   | 14566 ||| Stepping ~*~*~tactically~*~*~ (outnumbered).
 14567 | Lair:5   | 14567 ||| INVOKING Finesse.
 14568 | Lair:5   | 14568 ||| Stepping ~*~*~tactically~*~*~ (outnumbered).
 14574 | Lair:5   | 14574 ||| Stepping ~*~*~tactically~*~*~ (outnumbered).
 14575 | Lair:5   | 14575 ||| Stepping ~*~*~tactically~*~*~ (outnumbered).
 14576 | Lair:5   | 14576 ||| SWAPPING to +2 war axe.
 14578 | Lair:5   | 14578 ||| SWAPPING to +0 morningstar.
 14585 | Lair:5   | 14585 ||| INVOKING Heroism.
 14593 | Lair:5   | 14593 ||| SWAPPING to +2 war axe.
 14598 | Lair:5   | Received a gift from Okawaru
 14655 | Lair:5   | 14655 ||| INVOKING Heroism.
 14656 | Lair:5   | 14656 ||| INVOKING Finesse.
 14658 | Lair:5   | 14658 ||| SWAPPING to +0 morningstar.
 14665 | Lair:5   | 14665 ||| SWAPPING to +2 war axe.
 14854 | Lair:5   | Found an ancient bone altar of Kikubaaqudgha.
 15048 | Lair:5   | 15048 ||| PLANNING D:1-11
 15048 | Lair:5   | 15048 ||| DROPPING ring of willpower.
 15237 | D:9      | 15237 ||| READING scroll of enchant weapon.
 15237 | D:9      | 15237 ||| ENCHANTING +2 war axe.
 15328 | D:9      | 15328 ||| INVOKING Heroism.
 15331 | D:9      | 15331 ||| Stepping ~*~*~tactically~*~*~ (stealth).
 15392 | D:9      | 15392 ||| Stepping ~*~*~tactically~*~*~ (hiding).
 15663 | D:9      | 15663 ||| INVOKING Heroism.
 15839 | D:10     | Entered Level 10 of the Dungeon
 15974 | D:10     | 15974 ||| READING scroll of acquirement.
 15974 | D:10     | 15974 ||| ACQUIRING amulet of Tirhas {RegenMP rF+ rC+ Int+3
                  | SInv}
 15974 | D:10     | Acquired the amulet of Tirhas {RegenMP rF+ rC+ Int+3 SInv}
 15976 | D:10     | 15976 ||| UPGRADING to amulet of Tirhas {RegenMP rF+ rC+
                  | Int+3 SInv}.
 16144 | D:10     | 16144 ||| Stepping ~*~*~tactically~*~*~ (stealth).
 16146 | D:10     | 16146 ||| INVOKING Heroism.
 16168 | D:10     | Found a transporter.
 16168 | D:10     | Found a transporter.
 16170 | D:10     | Found a transporter.
 16208 | D:10     | 16208 ||| Stepping ~*~*~tactically~*~*~ (hiding).
 16209 | D:10     | 16209 ||| Stepping ~*~*~tactically~*~*~ (hiding).
 16210 | D:10     | 16210 ||| Stepping ~*~*~tactically~*~*~ (hiding).
 16211 | D:10     | 16211 ||| Stepping ~*~*~tactically~*~*~ (hiding).
 16409 | D:10     | Noticed Sonja
 16422 | D:10     | Killed Sonja
 16549 | D:10     | Found a transporter.
 16740 | D:10     | Found a white marble altar of Elyvilon.
 16922 | D:11     | 16922 ||| INVOKING Heroism.
 17041 | D:11     | Found a staircase to the Orcish Mines.
 17043 | D:11     | 17043 ||| Stepping ~*~*~tactically~*~*~ (hiding).
 17044 | D:11     | 17044 ||| Stepping ~*~*~tactically~*~*~ (hiding).
 17051 | D:11     | 17051 ||| INVOKING Heroism.
 17066 | D:11     | Found a frozen archway.
 17381 | D:11     | 17381 ||| INVOKING Heroism.
 17522 | D:11     | Received a gift from Okawaru
 17678 | D:11     | 17678 ||| PLANNING D
 17678 | D:11     | 17678 ||| READING 7 scrolls of identify.
 17678 | D:11     | 17678 ||| IDENTIFYING brown potion
 17679 | D:11     | 17679 ||| DROPPING potion of berserk rage.
 17715 | D:12     | Found a portal to a secret trove of treasure.
 17858 | D:12     | 17858 ||| INVOKING Heroism.
 17871 | D:12     | Reached XP level 15. HP: 94/94 MP: 22/22
 17970 | D:12     | 17970 ||| Stepping ~*~*~tactically~*~*~ (stealth).
 17972 | D:12     | 17972 ||| INVOKING Heroism.
 17973 | D:12     | 17973 ||| Stepping ~*~*~tactically~*~*~ (stealth).
 17975 | D:12     | 17975 ||| READING 6 scrolls of teleportation.
 18220 | D:12     | 18220 ||| Stepping ~*~*~tactically~*~*~ (stealth).
 18222 | D:12     | 18222 ||| Stepping ~*~*~tactically~*~*~ (stealth).
 18237 | D:12     | 18237 ||| INVOKING Heroism.
 18333 | D:12     | 18333 ||| Stepping ~*~*~tactically~*~*~ (stealth).
 18528 | D:12     | 18528 ||| READING scroll of enchant weapon.
 18528 | D:12     | 18528 ||| ENCHANTING +3 war axe.
 18612 | D:12     | 18612 ||| DRINKING 2 sapphire potions.
 18713 | D:12     | 18713 ||| READING 9 scrolls of identify.
 18713 | D:12     | 18713 ||| IDENTIFYING purple potion
 18714 | D:12     | 18714 ||| DROPPING potion of ambrosia.
 18715 | D:12     | 18715 ||| DROPPING potion of invisibility.
 18734 | D:13     | 18734 ||| Stepping ~*~*~tactically~*~*~ (hiding).
 18806 | D:13     | 18806 ||| READING scroll of enchant weapon.
 18806 | D:13     | 18806 ||| ENCHANTING +4 war axe.
 18855 | D:13     | 18855 ||| Stepping ~*~*~tactically~*~*~ (hiding).
 18856 | D:13     | 18856 ||| Stepping ~*~*~tactically~*~*~ (hiding).
 18872 | D:13     | 18872 ||| Stepping ~*~*~tactically~*~*~ (stealth).
 18873 | D:13     | 18873 ||| Stepping ~*~*~tactically~*~*~ (stealth).
 18891 | D:13     | Found a gate to the Vaults.
 18907 | D:13     | 18907 ||| INVOKING Heroism.
 19038 | D:13     | Identified the +2 ring mail "Lapeyr" {*Corrode Regen+ Str+3
                  | Stlth+}
 19063 | D:13     | 19063 ||| Stepping ~*~*~tactically~*~*~ (stealth).
 19078 | D:13     | 19078 ||| Stepping ~*~*~tactically~*~*~ (stealth).
 19170 | D:13     | 19170 ||| INVOKING Heroism.
 19171 | D:13     | 19171 ||| SWAPPING to +0 morningstar.
 19172 | D:13     | 19172 ||| INVOKING Finesse.
 19177 | D:13     | 19177 ||| SWAPPING to +5 war axe.
 19200 | D:13     | 19200 ||| Stepping ~*~*~tactically~*~*~ (hiding).
 19211 | D:13     | 19211 ||| INVOKING Heroism.
 19215 | D:13     | Received a gift from Okawaru
 19223 | D:13     | 19223 ||| Stepping ~*~*~tactically~*~*~ (hiding).
 19380 | D:13     | 19380 ||| INVOKING Heroism.
 19384 | D:13     | Noticed Lodul
 19386 | D:13     | Reached skill level 6 in Throwing
 19389 | D:13     | HP: 19/94 [meliai/divine providence (14)]
 19390 | D:13     | 19390 ||| READING 5 scrolls of teleportation.
 19391 | D:13     | 19391 ||| DRINKING 2 potions of heal wounds.
 19798 | D:13     | 19798 ||| INVOKING Heroism.
 19799 | D:13     | Identified the +2 pair of boots of Qiugaovo {rC- Str+3
                  | Dex+6} (Okawaru gifted it to you on level 13 of the
                  | Dungeon)
 19799 | D:13     | Received a gift from Okawaru
 19800 | D:13     | 19800 ||| Stepping ~*~*~tactically~*~*~ (stealth).
 19816 | D:13     | Killed Lodul
 19837 | D:13     | 19837 ||| UPGRADING to +2 pair of boots of Qiugaovo {rC-
                  | Str+3 Dex+6}.
 19842 | D:13     | 19842 ||| READING scroll labelled ZAF ACEJINI.
 19843 | D:13     | 19843 ||| READING 8 scrolls of identify.
 19843 | D:13     | 19843 ||| IDENTIFYING amethyst potion
 19865 | D:14     | Found a transporter.
 19867 | D:14     | 19867 ||| Stepping ~*~*~tactically~*~*~ (stealth).
 19923 | D:14     | Found a transporter.
 19924 | D:14     | Found Miypav's General Store.
 19934 | D:14     | 19934 ||| BUYING potion of curing (30 gold).
 19934 | D:14     | Bought a potion of curing for 30 gold pieces
 19934 | D:14     | 19934 ||| BUYING scroll of identify (20 gold).
 19934 | D:14     | Bought a scroll of identify for 20 gold pieces
 19983 | D:14     | Found a transporter.
 20093 | D:14     | Found a transporter.
 20146 | D:14     | 20146 ||| INVOKING Heroism.
 20147 | D:14     | 20147 ||| INVOKING Finesse.
 20364 | D:14     | Found a transporter.
 20368 | D:14     | Found a transporter.
 20403 | D:14     | 20403 ||| DROPPING ring of positive energy.
 20404 | D:14     | 20404 ||| READING scroll labelled MYOKAI QEIGH.
 20448 | D:15     | Entered Level 15 of the Dungeon
 20481 | D:15     | 20481 ||| INVOKING Heroism.
 20490 | D:15     | Reached skill level 9 in Armour
 20522 | D:15     | 20522 ||| Stepping ~*~*~tactically~*~*~ (hiding).
 20690 | D:15     | 20690 ||| INVOKING Heroism.
 20691 | D:15     | 20691 ||| INVOKING Finesse.
 20711 | D:15     | 20711 ||| Stepping ~*~*~tactically~*~*~ (stealth).
 20797 | D:15     | Found a staircase to the Depths.
 20803 | D:15     | 20803 ||| INVOKING Heroism.
 20807 | D:15     | Reached skill level 15 in Axes
 20877 | D:15     | 20877 ||| Stepping ~*~*~tactically~*~*~ (stealth).
 20955 | D:15     | 20955 ||| INVOKING Heroism.
 20956 | D:15     | 20956 ||| INVOKING Finesse.
 20958 | D:15     | 20958 ||| SWAPPING to +0 morningstar.
 20963 | D:15     | 20963 ||| SWAPPING to +5 war axe.
 21017 | D:15     | 21017 ||| INVOKING Heroism.
 21328 | D:15     | Found a runed translucent gate.
 21329 | D:15     | Found a runed translucent gate.
 21330 | D:15     | Found a runed translucent gate.
 21330 | D:15     | Noticed AyAyRon's ghost (adept DsFi)
 21338 | D:15     | 21338 ||| PLANNING ORC
 21473 | Orc:1    | Entered Level 1 of the Orcish Mines
 21474 | Orc:1    | 21474 ||| INVOKING Heroism.
 21478 | Orc:1    | 21478 ||| INVOKING Finesse.
 21497 | Orc:1    | Reached skill level 12 in Fighting
 21513 | Orc:1    | 21513 ||| Stepping ~*~*~tactically~*~*~ (stealth).
 21543 | Orc:1    | 21543 ||| Stepping ~*~*~tactically~*~*~ (stealth).
 21544 | Orc:1    | 21544 ||| Stepping ~*~*~tactically~*~*~ (stealth).
 21559 | Orc:1    | 21559 ||| Stepping ~*~*~tactically~*~*~ (stealth).
 21560 | Orc:1    | 21560 ||| Stepping ~*~*~tactically~*~*~ (stealth).
 21561 | Orc:1    | 21561 ||| Stepping ~*~*~tactically~*~*~ (stealth).
 21562 | Orc:1    | 21562 ||| Stepping ~*~*~tactically~*~*~ (stealth).
 21572 | Orc:1    | 21572 ||| Stepping ~*~*~tactically~*~*~ (stealth).
 21573 | Orc:1    | 21573 ||| Stepping ~*~*~tactically~*~*~ (stealth).
 21850 | Orc:2    | Entered Level 2 of the Orcish Mines
 21851 | Orc:2    | 21851 ||| INVOKING Heroism.
 21914 | Orc:2    | 21914 ||| SWAPPING to +0 broad axe.
 21921 | Orc:2    | Reached XP level 16. HP: 101/101 MP: 23/23
 21921 | Orc:2    | 21921 ||| DROPPING +5 war axe.
 21998 | Orc:2    | 21998 ||| INVOKING Heroism.
 22000 | Orc:2    | Received a gift from Okawaru
 22004 | Orc:2    | 22004 ||| INVOKING Finesse.
 22347 | Orc:2    | 22347 ||| Stepping ~*~*~tactically~*~*~ (stealth).
 22350 | Orc:2    | 22350 ||| Stepping ~*~*~tactically~*~*~ (hiding).
 22357 | Orc:2    | 22357 ||| INVOKING Heroism.
 22376 | Orc:2    | Reached skill level 6 in Dodging
 22401 | Orc:2    | 22401 ||| Stepping ~*~*~tactically~*~*~ (hiding).
 22411 | Orc:2    | 22411 ||| FLEEEEING.
 22413 | Orc:2    | 22413 ||| FLEEEEING.
 22414 | Orc:2    | 22414 ||| FLEEEEING.
 22419 | Orc:2    | 22419 ||| INVOKING Heroism.
 22436 | Orc:2    | 22436 ||| INVOKING Heroism.
 22442 | Orc:2    | 22442 ||| Stepping ~*~*~tactically~*~*~ (hiding).
 22455 | Orc:2    | Noticed Jorgrun
 22473 | Orc:2    | Killed Jorgrun
 22492 | Orc:2    | 22492 ||| FLEEEEING.
 22493 | Orc:2    | 22493 ||| FLEEEEING.
 22494 | Orc:2    | 22494 ||| FLEEEEING.
 22495 | Orc:2    | 22495 ||| FLEEEEING.
 22496 | Orc:2    | 22496 ||| FLEEEEING.
 22497 | Orc:2    | 22497 ||| FLEEEEING.
 22498 | Orc:2    | 22498 ||| FLEEEEING.
 22499 | Orc:2    | 22499 ||| FLEEEEING.
 22500 | Orc:2    | 22500 ||| FLEEEEING.
 22501 | Orc:2    | 22501 ||| FLEEEEING.
 22502 | Orc:2    | 22502 ||| FLEEEEING.
 22503 | Orc:2    | 22503 ||| FLEEEEING.
 22504 | Orc:2    | 22504 ||| FLEEEEING.
 22505 | Orc:2    | 22505 ||| FLEEEEING.
 22506 | Orc:2    | 22506 ||| FLEEEEING.
 22507 | Orc:2    | 22507 ||| FLEEEEING.
 22508 | Orc:2    | 22508 ||| FLEEEEING.
 22509 | Orc:2    | 22509 ||| FLEEEEING.
 22510 | Orc:2    | 22510 ||| FLEEEEING.
 22511 | Orc:2    | 22511 ||| FLEEEEING.
 22512 | Orc:2    | 22512 ||| FLEEEEING.
 22515 | Orc:2    | 22515 ||| FLEEEEING.
 22516 | Orc:2    | 22516 ||| FLEEEEING.
 22517 | Orc:2    | 22517 ||| FLEEEEING.
 22518 | Orc:2    | 22518 ||| FLEEEEING.
 22519 | Orc:2    | 22519 ||| STAIRDANCE
 22818 | Orc:2    | 22818 ||| FLEEEEING.
 22819 | Orc:2    | 22819 ||| FLEEEEING.
 22820 | Orc:2    | 22820 ||| FLEEEEING.
 22821 | Orc:2    | 22821 ||| FLEEEEING.
 22822 | Orc:2    | 22822 ||| FLEEEEING.
 22826 | Orc:2    | 22826 ||| FLEEEEING.
 22891 | Orc:2    | Found Momaik's Book Shop.
 22939 | Orc:2    | Found Juklab's Antique Armour Shop.
 23076 | Orc:2    | Found Xowopain's General Store.
 23083 | Orc:2    | 23083 ||| BUYING potion of curing (51 gold).
 23083 | Orc:2    | Bought a potion of curing for 51 gold pieces
 23083 | Orc:2    | 23083 ||| BUYING potion of mutation (136 gold).
 23083 | Orc:2    | Bought a potion of mutation for 136 gold pieces
 23115 | Orc:2    | 23115 ||| INVOKING Heroism.
 23304 | Orc:2    | Found a staircase to the Elven Halls.
 23328 | Orc:2    | 23328 ||| Stepping ~*~*~tactically~*~*~ (hiding).
 23334 | Orc:2    | 23334 ||| INVOKING Heroism.
 23373 | Orc:2    | Found Qezua's Antique Weapon Shop.
 23579 | Orc:1    | 23579 ||| INVOKING Heroism.
 23678 | Orc:1    | 23678 ||| PLANNING SPIDER:1-3
 23882 | Spider:1 | Entered Level 1 of the Spider Nest
 23904 | Spider:1 | 23904 ||| Stepping ~*~*~tactically~*~*~ (stealth).
 23905 | Spider:1 | 23905 ||| Stepping ~*~*~tactically~*~*~ (stealth).
 23906 | Spider:1 | 23906 ||| Stepping ~*~*~tactically~*~*~ (stealth).
 23908 | Spider:1 | 23908 ||| Stepping ~*~*~tactically~*~*~ (stealth).
 23916 | Spider:1 | 23916 ||| DRINKING 10 potions of curing.
 23916 | Spider:1 | 23916 ||| (to cure confusion)
 23960 | Spider:1 | 23960 ||| Stepping ~*~*~tactically~*~*~ (stealth).
 23963 | Spider:1 | 23963 ||| INVOKING Finesse.
 23965 | Spider:1 | 23965 ||| INVOKING Heroism.
 24313 | Spider:1 | 24313 ||| INVOKING Heroism.
 24332 | Spider:1 | Received a gift from Okawaru
 24351 | Spider:1 | 24351 ||| Stepping ~*~*~tactically~*~*~ (stealth).
 24358 | Spider:1 | 24358 ||| Stepping ~*~*~tactically~*~*~ (stealth).
 24359 | Spider:1 | 24359 ||| Stepping ~*~*~tactically~*~*~ (stealth).
 24369 | Spider:1 | 24369 ||| DRINKING 9 potions of curing.
 24369 | Spider:1 | 24369 ||| (to cure confusion)
 24379 | Spider:1 | 24379 ||| INVOKING Heroism.
 24440 | Spider:1 | 24440 ||| INVOKING Heroism.
 24453 | Spider:1 | Identified the +0 chain mail "Bitysuo" {rF+ rN+ Str+2}
                  | (Okawaru gifted it to you on level 1 of the Spider Nest)
 24453 | Spider:1 | Received a gift from Okawaru
 24533 | Spider:1 | 24533 ||| INVOKING Heroism.
 24788 | Spider:1 | 24788 ||| Stepping ~*~*~tactically~*~*~ (stealth).
 24790 | Spider:1 | 24790 ||| Stepping ~*~*~tactically~*~*~ (hiding).
 24791 | Spider:1 | 24791 ||| Stepping ~*~*~tactically~*~*~ (hiding).
 24818 | Spider:1 | 24818 ||| INVOKING Finesse.
 25013 | Spider:1 | You are sucked into a shaft and drop 1 floor!
 25014 | Spider:2 | 25014 ||| INVOKING Heroism.
 25225 | Spider:2 | 25225 ||| READING scroll labelled GUADGH GAMAMIPH.
 25328 | Spider:2 | 25328 ||| INVOKING Finesse.
 25333 | Spider:2 | 25333 ||| INVOKING Heroism.
 25613 | Spider:2 | 25613 ||| INVOKING Heroism.
 25649 | Spider:2 | 25649 ||| INVOKING Heroism.
 25657 | Spider:2 | 25657 ||| FLEEEEING.
 25658 | Spider:2 | 25658 ||| STAIRDANCE
 25881 | Spider:1 | 25881 ||| READING scroll labelled OWYXINKINE.
 25935 | Spider:2 | 25935 ||| INVOKING Heroism.
 26247 | Spider:2 | 26247 ||| INVOKING Heroism.
 26486 | Spider:2 | 26486 ||| INVOKING Heroism.
 26491 | Spider:2 | 26491 ||| Stepping ~*~*~tactically~*~*~ (hiding).
 26692 | Spider:2 | 26692 ||| INVOKING Heroism.
 26714 | Spider:2 | 26714 ||| Stepping ~*~*~tactically~*~*~ (stealth).
 26715 | Spider:2 | 26715 ||| Stepping ~*~*~tactically~*~*~ (stealth).
 26716 | Spider:2 | 26716 ||| Stepping ~*~*~tactically~*~*~ (stealth).
 26744 | Spider:2 | Identified the +6 long sword of Vunliom {drain, Fragile
                  | rF++ rC- Will+}
 26837 | Spider:3 | 26837 ||| Stepping ~*~*~tactically~*~*~ (stealth).
 26840 | Spider:3 | 26840 ||| Stepping ~*~*~tactically~*~*~ (stealth).
 26855 | Spider:3 | 26855 ||| Stepping ~*~*~tactically~*~*~ (stealth).
 26867 | Spider:3 | 26867 ||| Stepping ~*~*~tactically~*~*~ (stealth).
 26898 | Spider:3 | 26898 ||| Stepping ~*~*~tactically~*~*~ (stealth).
 26917 | Spider:3 | 26917 ||| Stepping ~*~*~tactically~*~*~ (stealth).
 26934 | Spider:3 | Reached XP level 17. HP: 105/106 MP: 24/24
 26966 | Spider:3 | 26966 ||| Stepping ~*~*~tactically~*~*~ (stealth).
 27003 | Spider:3 | 27003 ||| Stepping ~*~*~tactically~*~*~ (stealth).
 27004 | Spider:3 | 27004 ||| Stepping ~*~*~tactically~*~*~ (stealth).
 27005 | Spider:3 | 27005 ||| Stepping ~*~*~tactically~*~*~ (stealth).
 27006 | Spider:3 | 27006 ||| Stepping ~*~*~tactically~*~*~ (stealth).
 27042 | Spider:3 | 27042 ||| Stepping ~*~*~tactically~*~*~ (stealth).
 27116 | Spider:3 | 27116 ||| Stepping ~*~*~tactically~*~*~ (stealth).
 27117 | Spider:3 | 27117 ||| Stepping ~*~*~tactically~*~*~ (stealth).
 27148 | Spider:3 | 27148 ||| Stepping ~*~*~tactically~*~*~ (stealth).
 27155 | Spider:3 | 27155 ||| Stepping ~*~*~tactically~*~*~ (stealth).
 27156 | Spider:3 | 27156 ||| Stepping ~*~*~tactically~*~*~ (stealth).
 27180 | Spider:3 | Noticed Bai Suzhen
 27181 | Spider:3 | 27181 ||| INVOKING Heroism.
 27193 | Spider:3 | 27193 ||| Stepping ~*~*~tactically~*~*~ (stealth).
 27196 | Spider:3 | 27196 ||| SWAPPING to +0 morningstar.
 27201 | Spider:3 | 27201 ||| Stepping ~*~*~tactically~*~*~ (outnumbered).
 27202 | Spider:3 | 27202 ||| SWAPPING to +0 vorpal broad axe.
 27204 | Spider:3 | 27204 ||| INVOKING Heroism.
 27208 | Spider:3 | Killed Bai Suzhen
 27208 | Spider:3 | Received a gift from Okawaru
 27246 | Spider:3 | 27246 ||| INVOKING Finesse.
 27257 | Spider:3 | 27257 ||| Stepping ~*~*~tactically~*~*~ (stealth).
 27259 | Spider:3 | 27259 ||| Stepping ~*~*~tactically~*~*~ (stealth).
 27260 | Spider:3 | 27260 ||| Stepping ~*~*~tactically~*~*~ (stealth).
 27261 | Spider:3 | 27261 ||| Stepping ~*~*~tactically~*~*~ (stealth).
 27262 | Spider:3 | 27262 ||| Stepping ~*~*~tactically~*~*~ (stealth).
 27283 | Spider:3 | 27283 ||| Stepping ~*~*~tactically~*~*~ (stealth).
 27312 | Spider:3 | 27312 ||| Stepping ~*~*~tactically~*~*~ (stealth).
 27319 | Spider:3 | Received a gift from Okawaru
 27405 | Spider:3 | 27405 ||| Stepping ~*~*~tactically~*~*~ (hiding).
 27566 | Spider:3 | 27566 ||| Stepping ~*~*~tactically~*~*~ (stealth).
 27567 | Spider:3 | 27567 ||| Stepping ~*~*~tactically~*~*~ (stealth).
 27568 | Spider:3 | 27568 ||| Stepping ~*~*~tactically~*~*~ (stealth).
 27620 | Spider:3 | 27620 ||| PLANNING SHOALS:1-3
 27620 | Spider:3 | 27620 ||| READING 9 scrolls of identify.
 27620 | Spider:3 | 27620 ||| IDENTIFYING viscous orange potion
 27730 | Shoals:1 | Entered Level 1 of the Shoals
 27731 | Shoals:1 | 27731 ||| PLANNING BAZAAR
 27731 | Shoals:1 | 27731 ||| INVOKING Heroism.
 27971 | Shoals:1 | 27971 ||| INVOKING Heroism.
 27979 | Shoals:1 | 27979 ||| INVOKING Finesse.
 28159 | Shoals:1 | 28159 ||| INVOKING Heroism.
 28174 | Shoals:1 | 28174 ||| INVOKING Heroism.
 28181 | Shoals:1 | Received a gift from Okawaru
 28547 | Shoals:1 | 28547 ||| Stepping ~*~*~tactically~*~*~ (hiding).
 28551 | Shoals:1 | 28551 ||| INVOKING Heroism.
 28679 | Shoals:1 | 28679 ||| INVOKING Heroism.
 28693 | Shoals:1 | 28693 ||| Stepping ~*~*~tactically~*~*~ (hiding).
 28694 | Shoals:1 | 28694 ||| Stepping ~*~*~tactically~*~*~ (hiding).
 28695 | Shoals:1 | 28695 ||| Stepping ~*~*~tactically~*~*~ (hiding).
 28805 | Shoals:1 | 28805 ||| INVOKING Heroism.
 28851 | Shoals:1 | 28851 ||| READING scroll of enchant weapon.
 28851 | Shoals:1 | 28851 ||| ENCHANTING +0 vorpal broad axe.
 28858 | Shoals:1 | 28858 ||| RIP BAZAAR
 28883 | Shoals:1 | 28883 ||| PLANNING SHOALS:1-3
 29025 | Shoals:1 | 29025 ||| Stepping ~*~*~tactically~*~*~ (hiding).
 29109 | Shoals:1 | Received a gift from Okawaru
 29185 | Shoals:2 | 29185 ||| INVOKING Heroism.
 29284 | Shoals:2 | 29284 ||| Stepping ~*~*~tactically~*~*~ (hiding).
 29285 | Shoals:2 | 29285 ||| Stepping ~*~*~tactically~*~*~ (hiding).
 29307 | Shoals:2 | 29307 ||| INVOKING Heroism.
 29308 | Shoals:2 | 29308 ||| INVOKING Finesse.
 29359 | Shoals:2 | 29359 ||| INVOKING Heroism.
 29360 | Shoals:2 | 29360 ||| INVOKING Finesse.
 29367 | Shoals:2 | Received a gift from Okawaru
 29422 | Shoals:2 | 29422 ||| INVOKING Heroism.
 30206 | Shoals:3 | 30206 ||| Stepping ~*~*~tactically~*~*~ (hiding).
 30209 | Shoals:3 | 30209 ||| INVOKING Heroism.
 30215 | Shoals:3 | Reached skill level 18 in Axes
 30330 | Shoals:3 | Noticed Polyphemus
 30331 | Shoals:3 | 30331 ||| Stepping ~*~*~tactically~*~*~ (hiding).
 30332 | Shoals:3 | 30332 ||| INVOKING Heroism.
 30334 | Shoals:3 | 30334 ||| Stepping ~*~*~tactically~*~*~ (hiding).
 30335 | Shoals:3 | 30335 ||| INVOKING Finesse.
 30352 | Shoals:3 | Killed Polyphemus
 30479 | Shoals:3 | 30479 ||| Stepping ~*~*~tactically~*~*~ (hiding).
 30481 | Shoals:3 | 30481 ||| Stepping ~*~*~tactically~*~*~ (hiding).
 30607 | Shoals:3 | 30607 ||| INVOKING Heroism.
 30608 | Shoals:3 | 30608 ||| INVOKING Finesse.
 30615 | Shoals:3 | Reached XP level 18. HP: 104/114 MP: 20/25
 30702 | Shoals:3 | 30702 ||| DROPPING +0 morningstar.
 30744 | Shoals:3 | 30744 ||| Stepping ~*~*~tactically~*~*~ (stealth).
 30748 | Shoals:3 | 30748 ||| Stepping ~*~*~tactically~*~*~ (stealth).
 30749 | Shoals:3 | 30749 ||| Stepping ~*~*~tactically~*~*~ (stealth).
 30755 | Shoals:3 | 30755 ||| INVOKING Heroism.
 30756 | Shoals:3 | 30756 ||| INVOKING Finesse.
 30807 | Shoals:3 | 30807 ||| INVOKING Heroism.
 30854 | Shoals:3 | 30854 ||| INVOKING Heroism.
 30936 | Shoals:3 | 30936 ||| INVOKING Heroism.
 30937 | Shoals:3 | 30937 ||| INVOKING Finesse.
 31233 | Shoals:3 | Received a gift from Okawaru
 31269 | Shoals:3 | 31269 ||| INVOKING Heroism.
 31425 | Shoals:3 | 31425 ||| PLANNING SPIDER:4
 31425 | Shoals:3 | 31425 ||| DROPPING +2 pair of gloves.
 31602 | Spider:4 | Entered Level 4 of the Spider Nest
 31609 | Spider:4 | 31609 ||| READING scroll of enchant weapon.
 31609 | Spider:4 | 31609 ||| ENCHANTING +1 vorpal broad axe.
 31648 | Spider:4 | 31648 ||| Stepping ~*~*~tactically~*~*~ (stealth).
 31710 | Spider:4 | 31710 ||| Stepping ~*~*~tactically~*~*~ (hiding).
 31712 | Spider:4 | 31712 ||| INVOKING Finesse.
 31731 | Spider:4 | 31731 ||| INVOKING Heroism.
 31762 | Spider:4 | Reached skill level 18 in Shields
 31766 | Spider:4 | 31766 ||| FLEEEEING.
 31767 | Spider:4 | 31767 ||| FLEEEEING.
 31768 | Spider:4 | 31768 ||| FLEEEEING.
 31769 | Spider:4 | 31769 ||| FLEEEEING.
 31770 | Spider:4 | 31770 ||| FLEEEEING.
 31771 | Spider:4 | 31771 ||| INVOKING Finesse.
 31898 | Spider:4 | Identified the +0 ring mail "Zugaepp" {rN+ Dex+2 Slay+2}
 31963 | Spider:4 | 31963 ||| Stepping ~*~*~tactically~*~*~ (hiding).
 31968 | Spider:4 | 31968 ||| INVOKING Heroism.
 32091 | Spider:4 | 32091 ||| INVOKING Heroism.
 32169 | Spider:4 | 32169 ||| FLEEEEING.
 32172 | Spider:4 | 32172 ||| FLEEEEING.
 32173 | Spider:4 | 32173 ||| FLEEEEING.
 32174 | Spider:4 | 32174 ||| FLEEEEING.
 32175 | Spider:4 | 32175 ||| FLEEEEING.
 32282 | Spider:4 | 32282 ||| Stepping ~*~*~tactically~*~*~ (stealth).
 32375 | Spider:4 | 32375 ||| Stepping ~*~*~tactically~*~*~ (stealth).
 32376 | Spider:4 | 32376 ||| Stepping ~*~*~tactically~*~*~ (stealth).
 32385 | Spider:4 | 32385 ||| INVOKING Heroism.
 32519 | Spider:4 | 32519 ||| Stepping ~*~*~tactically~*~*~ (stealth).
 32553 | Spider:4 | 32553 ||| Stepping ~*~*~tactically~*~*~ (stealth).
 32632 | Spider:4 | Received a gift from Okawaru
 32672 | Spider:4 | 32672 ||| INVOKING Heroism.
 32673 | Spider:4 | 32673 ||| INVOKING Finesse.
 32740 | Spider:4 | Reached skill level 15 in Fighting
 32788 | Spider:4 | 32788 ||| INVOKING Heroism.
 32868 | Spider:4 | Got a gossamer rune of Zot
 32906 | Spider:4 | 32906 ||| Stepping ~*~*~tactically~*~*~ (stealth).
 32907 | Spider:4 | 32907 ||| Stepping ~*~*~tactically~*~*~ (stealth).
 32910 | Spider:4 | 32910 ||| Stepping ~*~*~tactically~*~*~ (hiding).
 33000 | Spider:4 | 33000 ||| Stepping ~*~*~tactically~*~*~ (stealth).
 33005 | Spider:4 | Reached skill level 12 in Armour
 33056 | Spider:4 | 33056 ||| Stepping ~*~*~tactically~*~*~ (stealth).
 33057 | Spider:4 | 33057 ||| Stepping ~*~*~tactically~*~*~ (stealth).
 33063 | Spider:4 | Identified the +6 scale mail of Mycuhed {Fly rC++ Int-3
                  | Stlth+} (Okawaru gifted it to you on level 4 of the Spider
                  | Nest)
 33063 | Spider:4 | Received a gift from Okawaru
 33111 | Spider:4 | 33111 ||| PLANNING VAULTS:1-4
 33111 | Spider:4 | 33111 ||| DROPPING +1 ring mail of Context {Contam rPois
                  | rC++ Dex+4 SInv}.
 33417 | Vaults:1 | Entered Level 1 of the Vaults
 33418 | Vaults:1 | 33418 ||| INVOKING Heroism.
 33633 | Vaults:1 | Noticed Zenata
 33634 | Vaults:1 | 33634 ||| INVOKING Heroism.
 33635 | Vaults:1 | 33635 ||| INVOKING Finesse.
 33668 | Vaults:1 | Killed Zenata
 33738 | Vaults:1 | 33738 ||| INVOKING Heroism.
 33739 | Vaults:1 | 33739 ||| Stepping ~*~*~tactically~*~*~ (hiding).
 33766 | Vaults:1 | Reached XP level 19. HP: 65/124 MP: 26/26
 33773 | Vaults:1 | 33773 ||| INVOKING Heroism.
 33794 | Vaults:1 | 33794 ||| INVOKING Finesse.
 33903 | Vaults:1 | 33903 ||| Stepping ~*~*~tactically~*~*~ (stealth).
 33914 | Vaults:1 | 33914 ||| INVOKING Heroism.
 34011 | Vaults:1 | 34011 ||| INVOKING Heroism.
 34055 | Vaults:1 | 34055 ||| Stepping ~*~*~tactically~*~*~ (hiding).
 34072 | Vaults:1 | 34072 ||| Stepping ~*~*~tactically~*~*~ (hiding).
 34081 | Vaults:1 | 34081 ||| INVOKING Heroism.
 34348 | Vaults:1 | 34348 ||| Stepping ~*~*~tactically~*~*~ (stealth).
 34350 | Vaults:1 | 34350 ||| Stepping ~*~*~tactically~*~*~ (hiding).
 34352 | Vaults:1 | 34352 ||| Stepping ~*~*~tactically~*~*~ (hiding).
 34399 | Vaults:1 | 34399 ||| INVOKING Heroism.
 34400 | Vaults:1 | 34400 ||| INVOKING Finesse.
 34403 | Vaults:1 | 34403 ||| Stepping ~*~*~tactically~*~*~ (hiding).
 34404 | Vaults:1 | 34404 ||| Stepping ~*~*~tactically~*~*~ (hiding).
 34412 | Vaults:1 | Reached skill level 9 in Throwing
 34619 | Vaults:1 | 34619 ||| Stepping ~*~*~tactically~*~*~ (hiding).
 34622 | Vaults:1 | 34622 ||| INVOKING Heroism.
 34626 | Vaults:1 | 34626 ||| INVOKING Finesse.
 34635 | Vaults:1 | Received a gift from Okawaru
 34675 | Vaults:1 | 34675 ||| INVOKING Heroism.
 34942 | Vaults:1 | 34942 ||| INVOKING Heroism.
 34951 | Vaults:1 | Identified the +4 executioner's axe of Teyc {distort, SInv}
                  | (Okawaru gifted it to you on level 1 of the Vaults)
 34951 | Vaults:1 | Received a gift from Okawaru
 35481 | Vaults:2 | 35481 ||| PLANNING BAZAAR
 35493 | Vaults:2 | 35493 ||| Stepping ~*~*~tactically~*~*~ (hiding).
 35494 | Vaults:2 | 35494 ||| Stepping ~*~*~tactically~*~*~ (hiding).
 35496 | Vaults:2 | 35496 ||| Stepping ~*~*~tactically~*~*~ (hiding).
 35500 | Vaults:2 | 35500 ||| Stepping ~*~*~tactically~*~*~ (hiding).
 35548 | Vaults:2 | 35548 ||| Stepping ~*~*~tactically~*~*~ (hiding).
 35555 | Vaults:2 | 35555 ||| INVOKING Heroism.
 35566 | Vaults:2 | 35566 ||| INVOKING Finesse.
 35738 | Vaults:2 | Found a flickering gateway to a bazaar.
 35739 | Vaults:2 | 35739 ||| DROPPING scarf of invisibility.
 35748 | Bazaar   | Entered a bazaar
 35762 | Bazaar   | Found Ziecegao's Assorted Antiques.
 35762 | Bazaar   | Found Konullal Tuu's Antique Weapon Shoppe.
 35767 | Bazaar   | 35767 ||| BUYING transparent war axe (187 gold).
 35767 | Bazaar   | Bought a transparent war axe for 187 gold pieces
 35767 | Bazaar   | Identified the +9 war axe "Sarcophage" {elec, rN+} (You
                  | bought it in a shop in a bazaar)
 35767 | Bazaar   | 35767 ||| SWAPPING to +9 war axe "Sarcophage" {elec, rN+}.
 35768 | Bazaar   | 35768 ||| DROPPING +2 vorpal broad axe.
 35775 | Bazaar   | 35775 ||| BUYING scroll labelled GOFA YFACLEIRCH (15 gold).
 35775 | Bazaar   | Bought a scroll labelled GOFA YFACLEIRCH for 15 gold pieces
 35775 | Bazaar   | 35775 ||| BUYING scroll of brand weapon (142 gold).
 35775 | Bazaar   | Bought a scroll of brand weapon for 142 gold pieces
 35786 | Bazaar   | Found Boqowul's General Store.
 35791 | Bazaar   | 35791 ||| BUYING +1 hat (154 gold).
 35791 | Bazaar   | Bought a +1 hat for 154 gold pieces
 35791 | Bazaar   | 35791 ||| BUYING potion of haste (140 gold).
 35791 | Bazaar   | Bought a potion of haste for 140 gold pieces
 35802 | Bazaar   | Found Fish's Jewellery Shoppe.
 35807 | Bazaar   | 35807 ||| BUYING +4 ring of protection (360 gold).
 35807 | Bazaar   | Bought a +4 ring of protection for 360 gold pieces
 35807 | Bazaar   | 35807 ||| BUYING ring of protection from fire (250 gold).
 35807 | Bazaar   | Bought a ring of protection from fire for 250 gold pieces
 35818 | Bazaar   | Found Maat's Antique Weapon Emporium.
 35818 | Bazaar   | Found Watanouh's Weapon Shoppe.
 35829 | Bazaar   | 35829 ||| BUYING runed war axe (188 gold).
 35829 | Bazaar   | Bought a runed war axe for 188 gold pieces
 35829 | Bazaar   | 35829 ||| DROPPING +1 war axe of freezing.
 35846 | Bazaar   | 35846 ||| UPGRADING to +1 hat.
 35851 | Bazaar   | 35851 ||| READING 2 scrolls of enchant armour.
 35851 | Bazaar   | 35851 ||| ENCHANTING +1 hat.
 35852 | Bazaar   | 35852 ||| UPGRADING to +4 ring of protection.
 35854 | Bazaar   | 35854 ||| DROPPING +6 ring of dexterity.
 35855 | Bazaar   | 35855 ||| DROPPING scroll of magic mapping.
 35859 | Vaults:2 | 35859 ||| PLANNING VAULTS:1-4
 35950 | Vaults:2 | 35950 ||| Stepping ~*~*~tactically~*~*~ (stealth).
 35951 | Vaults:2 | 35951 ||| Stepping ~*~*~tactically~*~*~ (stealth).
 35953 | Vaults:2 | 35953 ||| Stepping ~*~*~tactically~*~*~ (stealth).
 35954 | Vaults:2 | 35954 ||| Stepping ~*~*~tactically~*~*~ (stealth).
 36011 | Vaults:2 | 36011 ||| Stepping ~*~*~tactically~*~*~ (hiding).
 36170 | Vaults:2 | 36170 ||| Stepping ~*~*~tactically~*~*~ (stealth).
 36271 | Vaults:2 | 36271 ||| INVOKING Heroism.
 36272 | Vaults:2 | 36272 ||| INVOKING Finesse.
 36294 | Vaults:2 | 36294 ||| Stepping ~*~*~tactically~*~*~ (hiding).
 36422 | Vaults:2 | 36422 ||| Stepping ~*~*~tactically~*~*~ (stealth).
 36494 | Vaults:2 | 36494 ||| FLEEEEING.
 36495 | Vaults:2 | 36495 ||| FLEEEEING.
 36496 | Vaults:2 | 36496 ||| FLEEEEING.
 36497 | Vaults:2 | 36497 ||| FLEEEEING.
 36498 | Vaults:2 | 36498 ||| FLEEEEING.
 36499 | Vaults:2 | 36499 ||| FLEEEEING.
 36500 | Vaults:2 | 36500 ||| FLEEEEING.
 36501 | Vaults:2 | 36501 ||| FLEEEEING.
 36502 | Vaults:2 | 36502 ||| FLEEEEING.
 36503 | Vaults:2 | 36503 ||| FLEEEEING.
 36504 | Vaults:2 | 36504 ||| FLEEEEING.
 36505 | Vaults:2 | 36505 ||| FLEEEEING.
 36506 | Vaults:2 | 36506 ||| FLEEEEING.
 36507 | Vaults:2 | 36507 ||| FLEEEEING.
 36508 | Vaults:2 | 36508 ||| FLEEEEING.
 36509 | Vaults:2 | 36509 ||| FLEEEEING.
 36510 | Vaults:2 | 36510 ||| FLEEEEING.
 36511 | Vaults:2 | 36511 ||| FLEEEEING.
 36512 | Vaults:2 | 36512 ||| FLEEEEING.
 36513 | Vaults:2 | 36513 ||| FLEEEEING.
 36514 | Vaults:2 | 36514 ||| FLEEEEING.
 36520 | Vaults:2 | 36520 ||| FLEEEEING.
 36521 | Vaults:2 | 36521 ||| STAIRDANCE
 36704 | Vaults:2 | 36704 ||| FLEEEEING.
 36705 | Vaults:2 | 36705 ||| FLEEEEING.
 36706 | Vaults:2 | 36706 ||| FLEEEEING.
 36707 | Vaults:2 | 36707 ||| FLEEEEING.
 36708 | Vaults:2 | 36708 ||| FLEEEEING.
 36709 | Vaults:2 | 36709 ||| FLEEEEING.
 36710 | Vaults:2 | 36710 ||| FLEEEEING.
 36711 | Vaults:2 | 36711 ||| FLEEEEING.
 36712 | Vaults:2 | 36712 ||| STAIRDANCE
 36826 | Vaults:2 | 36826 ||| STAIRDANCE
 36948 | Vaults:2 | 36948 ||| FLEEEEING.
 36949 | Vaults:2 | 36949 ||| STAIRDANCE
 37056 | Vaults:2 | 37056 ||| STAIRDANCE
 37170 | Vaults:2 | 37170 ||| INVOKING Heroism.
 37189 | Vaults:2 | Received a gift from Okawaru
 37219 | Vaults:2 | 37219 ||| INVOKING Finesse.
 37534 | Vaults:2 | 37534 ||| Stepping ~*~*~tactically~*~*~ (hiding).
 37535 | Vaults:2 | 37535 ||| INVOKING Heroism.
 37702 | Vaults:2 | 37702 ||| Stepping ~*~*~tactically~*~*~ (hiding).
 37722 | Vaults:2 | Reached XP level 20. HP: 134/134 MP: 27/27
 37735 | Vaults:2 | 37735 ||| Stepping ~*~*~tactically~*~*~ (stealth).
 37737 | Vaults:2 | 37737 ||| Stepping ~*~*~tactically~*~*~ (hiding).
 37741 | Vaults:2 | 37741 ||| INVOKING Heroism.
 37836 | Vaults:2 | 37836 ||| Stepping ~*~*~tactically~*~*~ (stealth).
 37838 | Vaults:2 | 37838 ||| Stepping ~*~*~tactically~*~*~ (stealth).
 37893 | Vaults:2 | 37893 ||| Stepping ~*~*~tactically~*~*~ (stealth).
 37894 | Vaults:2 | 37894 ||| Stepping ~*~*~tactically~*~*~ (stealth).
 38028 | Vaults:3 | 38028 ||| Stepping ~*~*~tactically~*~*~ (hiding).
 38042 | Vaults:3 | 38042 ||| Stepping ~*~*~tactically~*~*~ (hiding).
 38153 | Vaults:3 | 38153 ||| Stepping ~*~*~tactically~*~*~ (stealth).
 38154 | Vaults:3 | 38154 ||| Stepping ~*~*~tactically~*~*~ (stealth).
 38155 | Vaults:3 | 38155 ||| Stepping ~*~*~tactically~*~*~ (stealth).
 38163 | Vaults:3 | 38163 ||| INVOKING Heroism.
 38223 | Vaults:3 | 38223 ||| Stepping ~*~*~tactically~*~*~ (stealth).
 38423 | Vaults:3 | 38423 ||| Stepping ~*~*~tactically~*~*~ (hiding).
 38426 | Vaults:3 | 38426 ||| INVOKING Heroism.
 38454 | Vaults:3 | Received a gift from Okawaru
 38525 | Vaults:3 | 38525 ||| Stepping ~*~*~tactically~*~*~ (stealth).
 38596 | Vaults:3 | 38596 ||| Stepping ~*~*~tactically~*~*~ (hiding).
 38599 | Vaults:3 | 38599 ||| INVOKING Heroism.
 38607 | Vaults:3 | Received a gift from Okawaru
 38817 | Vaults:3 | 38817 ||| INVOKING Heroism.
 38837 | Vaults:3 | Received a gift from Okawaru
 38837 | Vaults:3 | Reached ****** piety under Okawaru
 38838 | Vaults:3 | Reached skill level 18 in Fighting
 38947 | Vaults:3 | Found a runed translucent gate.
 38947 | Vaults:3 | Found a runed translucent gate.
 38947 | Vaults:3 | Found an opulent altar of Gozag.
 38947 | Vaults:3 | Found a runed translucent gate.
 38947 | Vaults:3 | Found Xac Lala's Assorted Antiques.
 38948 | Vaults:3 | Found Paklon's Assorted Antiques.
 38948 | Vaults:3 | Noticed TPoD's ghost (adept HOMo)
 38980 | Vaults:3 | Found a staircase to the Crypt.
 39082 | Vaults:3 | Found Lunn's Book Boutique.
 39290 | Vaults:4 | 39290 ||| PLANNING DESOLATION
 39290 | Vaults:4 | 39290 ||| STAIRDANCE
 39353 | Vaults:4 | 39353 ||| INVOKING Heroism.
 39466 | Vaults:4 | Received a gift from Okawaru
 39509 | Vaults:4 | 39509 ||| Stepping ~*~*~tactically~*~*~ (hiding).
 39519 | Vaults:4 | 39519 ||| Stepping ~*~*~tactically~*~*~ (stealth).
 39711 | Vaults:4 | Noticed Donald
 39712 | Vaults:4 | 39712 ||| INVOKING Heroism.
 39735 | Vaults:4 | 39735 ||| INVOKING Heroism.
 39755 | Vaults:4 | Killed Donald
 39755 | Vaults:4 | Received a gift from Okawaru
 39860 | Vaults:4 | 39860 ||| INVOKING Heroism.
 39882 | Vaults:4 | Identified the +1 plate armour of Articulation {Drain Int+4
                  | Dex+4} (Okawaru gifted it to you on level 4 of the Vaults)
 39882 | Vaults:4 | Received a gift from Okawaru
 39984 | Vaults:4 | 39984 ||| INVOKING Heroism.
 39994 | Vaults:4 | Reached skill level 15 in Armour
 40018 | Vaults:4 | 40018 ||| RIP DESOLATION
 40055 | Vaults:4 | 40055 ||| PLANNING VAULTS:1-4
 40056 | Vaults:4 | 40056 ||| INVOKING Heroism.
 40076 | Vaults:4 | Noticed Boris
 40077 | Vaults:4 | 40077 ||| Stepping ~*~*~tactically~*~*~ (hiding).
 40078 | Vaults:4 | 40078 ||| Stepping ~*~*~tactically~*~*~ (hiding).
 40082 | Vaults:4 | 40082 ||| INVOKING Finesse.
 40084 | Vaults:4 | 40084 ||| INVOKING Heroism.
 40098 | Vaults:4 | Killed Boris
 40235 | Vaults:4 | 40235 ||| Stepping ~*~*~tactically~*~*~ (stealth).
 40248 | Vaults:4 | Reached XP level 21. HP: 136/142 MP: 28/28
 40413 | Vaults:4 | Found a glowing golden altar of the Shining One.
 40413 | Vaults:4 | Found a glowing silver altar of Zin.
 40413 | Vaults:4 | Found a white marble altar of Elyvilon.
 40435 | Vaults:4 | 40435 ||| Stepping ~*~*~tactically~*~*~ (stealth).
 40436 | Vaults:4 | 40436 ||| Stepping ~*~*~tactically~*~*~ (stealth).
 40448 | Vaults:4 | 40448 ||| Stepping ~*~*~tactically~*~*~ (stealth).
 40456 | Vaults:4 | 40456 ||| Stepping ~*~*~tactically~*~*~ (hiding).
 40457 | Vaults:4 | 40457 ||| Stepping ~*~*~tactically~*~*~ (hiding).
 40461 | Vaults:4 | 40461 ||| Stepping ~*~*~tactically~*~*~ (stealth).
 40498 | Vaults:4 | 40498 ||| Stepping ~*~*~tactically~*~*~ (hiding).
 40536 | Vaults:4 | 40536 ||| INVOKING Heroism.
 40552 | Vaults:4 | 40552 ||| Stepping ~*~*~tactically~*~*~ (hiding).
 40707 | Vaults:4 | 40707 ||| Stepping ~*~*~tactically~*~*~ (stealth).
 40860 | Vaults:4 | Found Ekakitz's Weapon Shoppe.
 40908 | Vaults:4 | 40908 ||| DROPPING +1 plate armour of Articulation {Drain
                  | Int+4 Dex+4}.
 40994 | Vaults:4 | 40994 ||| PLANNING SHOALS:4
 41416 | Shoals:4 | Entered Level 4 of the Shoals
 41417 | Shoals:4 | 41417 ||| INVOKING Heroism.
 41418 | Shoals:4 | 41418 ||| INVOKING Finesse.
 41608 | Shoals:4 | 41608 ||| INVOKING Heroism.
 41609 | Shoals:4 | 41609 ||| INVOKING Finesse.
 41673 | Shoals:4 | Got a barnacled rune of Zot
 41742 | Shoals:4 | 41742 ||| Stepping ~*~*~tactically~*~*~ (stealth).
 41772 | Shoals:4 | 41772 ||| Stepping ~*~*~tactically~*~*~ (hiding).
 41774 | Shoals:4 | 41774 ||| Stepping ~*~*~tactically~*~*~ (hiding).
 41885 | Shoals:4 | 41885 ||| Stepping ~*~*~tactically~*~*~ (hiding).
 41887 | Shoals:4 | 41887 ||| INVOKING Heroism.
 41953 | Shoals:4 | 41953 ||| INVOKING Heroism.
 42043 | Shoals:4 | 42043 ||| Stepping ~*~*~tactically~*~*~ (stealth).
 42045 | Shoals:4 | 42045 ||| Stepping ~*~*~tactically~*~*~ (hiding).
 42048 | Shoals:4 | 42048 ||| INVOKING Heroism.
 42062 | Shoals:4 | Reached skill level 9 in Dodging
 42062 | Shoals:4 | Identified the +1 pair of boots of Qyituemn {rCorr}
                  | (Okawaru gifted it to you on level 4 of the Shoals)
 42062 | Shoals:4 | Received a gift from Okawaru
 42093 | Shoals:4 | 42093 ||| INVOKING Finesse.
 42111 | Shoals:4 | 42111 ||| INVOKING Heroism.
 42113 | Shoals:4 | 42113 ||| INVOKING Finesse.
 42407 | Shoals:4 | 42407 ||| Stepping ~*~*~tactically~*~*~ (stealth).
 42408 | Shoals:4 | 42408 ||| Stepping ~*~*~tactically~*~*~ (hiding).
 42409 | Shoals:4 | 42409 ||| Stepping ~*~*~tactically~*~*~ (hiding).
 42602 | Shoals:4 | 42602 ||| Stepping ~*~*~tactically~*~*~ (hiding).
 42607 | Shoals:4 | 42607 ||| INVOKING Heroism.
 42616 | Shoals:4 | 42616 ||| Stepping ~*~*~tactically~*~*~ (hiding).
 42649 | Shoals:4 | 42649 ||| PLANNING DEPTHS
 42974 | Depths:1 | Entered Level 1 of the Depths
 42975 | Depths:1 | 42975 ||| INVOKING Heroism.
 42980 | Depths:1 | 42980 ||| INVOKING Finesse.
 43076 | Depths:1 | 43076 ||| Stepping ~*~*~tactically~*~*~ (stealth).
 43078 | Depths:1 | 43078 ||| INVOKING Finesse.
 43103 | Depths:1 | 43103 ||| INVOKING Heroism.
 43264 | Depths:1 | Found a gateway to Hell.
 43358 | Depths:1 | 43358 ||| INVOKING Heroism.
 43373 | Depths:1 | Found a broken altar of Ashenzari.
 43377 | Depths:1 | 43377 ||| INVOKING Finesse.
 43392 | Depths:1 | 43392 ||| INVOKING Heroism.
 43626 | Depths:1 | 43626 ||| INVOKING Finesse.
 43627 | Depths:1 | 43627 ||| Stepping ~*~*~tactically~*~*~ (hiding).
 43631 | Depths:1 | 43631 ||| INVOKING Heroism.
 43736 | Depths:1 | 43736 ||| INVOKING Heroism.
 43737 | Depths:1 | 43737 ||| INVOKING Finesse.
 44167 | Depths:1 | Found a one-way gate leading to the halls of Pandemonium.
 44249 | Depths:2 | 44249 ||| INVOKING Heroism.
 44365 | Depths:2 | 44365 ||| INVOKING Heroism.
 44370 | Depths:2 | Found Kiagit's Assorted Antiques.
 44426 | Depths:2 | 44426 ||| Stepping ~*~*~tactically~*~*~ (hiding).
 44444 | Depths:2 | 44444 ||| Stepping ~*~*~tactically~*~*~ (cloud).
 44512 | Depths:2 | 44512 ||| INVOKING Heroism.
 44512 | Depths:2 | Noticed an ancient lich
 44529 | Depths:2 | Killed an ancient lich
 44585 | Depths:2 | 44585 ||| Stepping ~*~*~tactically~*~*~ (hiding).
 44602 | Depths:2 | 44602 ||| Stepping ~*~*~tactically~*~*~ (hiding).
 44679 | Depths:2 | 44679 ||| Stepping ~*~*~tactically~*~*~ (hiding).
 44680 | Depths:2 | 44680 ||| Stepping ~*~*~tactically~*~*~ (hiding).
 44684 | Depths:2 | 44684 ||| INVOKING Heroism.
 44685 | Depths:2 | 44685 ||| INVOKING Finesse.
 44692 | Depths:2 | 44692 ||| Stepping ~*~*~tactically~*~*~ (hiding).
 44693 | Depths:2 | 44693 ||| Stepping ~*~*~tactically~*~*~ (hiding).
 44701 | Depths:2 | Received a gift from Okawaru
 44702 | Depths:2 | Reached XP level 22. HP: 152/152 MP: 27/29
 44714 | Depths:2 | 44714 ||| Stepping ~*~*~tactically~*~*~ (hiding).
 44718 | Depths:2 | 44718 ||| Stepping ~*~*~tactically~*~*~ (hiding).
 44787 | Depths:2 | 44787 ||| DROPPING ring of see invisible.
 44788 | Depths:2 | 44788 ||| READING 8 scrolls of teleportation.
 44984 | Depths:2 | 44984 ||| INVOKING Heroism.
 44985 | Depths:2 | 44985 ||| INVOKING Finesse.
 45007 | Depths:2 | 45007 ||| Stepping ~*~*~tactically~*~*~ (hiding).
 45009 | Depths:2 | 45009 ||| Stepping ~*~*~tactically~*~*~ (hiding).
 45053 | Depths:2 | 45053 ||| INVOKING Heroism.
 45165 | Depths:2 | 45165 ||| Stepping ~*~*~tactically~*~*~ (hiding).
 45180 | Depths:2 | 45180 ||| READING 8 scrolls of teleportation.
 45205 | Depths:2 | 45205 ||| Stepping ~*~*~tactically~*~*~ (hiding).
 45566 | Depths:2 | 45566 ||| READING 7 scrolls of teleportation.
 45592 | Depths:2 | 45592 ||| INVOKING Heroism.
 45593 | Depths:2 | 45593 ||| INVOKING Finesse.
 45619 | Depths:2 | Reached skill level 21 in Shields
 45647 | Depths:2 | 45647 ||| Stepping ~*~*~tactically~*~*~ (stealth).
 45648 | Depths:2 | 45648 ||| Stepping ~*~*~tactically~*~*~ (stealth).
 45651 | Depths:2 | 45651 ||| INVOKING Heroism.
 45652 | Depths:2 | 45652 ||| Stepping ~*~*~tactically~*~*~ (hiding).
 45666 | Depths:2 | 45666 ||| Stepping ~*~*~tactically~*~*~ (hiding).
 45667 | Depths:2 | 45667 ||| Stepping ~*~*~tactically~*~*~ (hiding).
 45821 | Depths:2 | 45821 ||| Stepping ~*~*~tactically~*~*~ (hiding).
 45823 | Depths:2 | 45823 ||| Stepping ~*~*~tactically~*~*~ (hiding).
 46164 | Depths:3 | 46164 ||| Stepping ~*~*~tactically~*~*~ (hiding).
 46314 | Depths:3 | 46314 ||| INVOKING Heroism.
 46351 | Depths:3 | Noticed a golden dragon
 46352 | Depths:3 | 46352 ||| INVOKING Heroism.
 46363 | Depths:3 | Killed a golden dragon
 46371 | Depths:3 | 46371 ||| INVOKING Finesse.
 46378 | Depths:3 | 46378 ||| FLEEEEING.
 46382 | Depths:3 | 46382 ||| FLEEEEING.
 46383 | Depths:3 | 46383 ||| FLEEEEING.
 46384 | Depths:3 | 46384 ||| FLEEEEING.
 46385 | Depths:3 | 46385 ||| FLEEEEING.
 46386 | Depths:3 | 46386 ||| FLEEEEING.
 46387 | Depths:3 | 46387 ||| FLEEEEING.
 46388 | Depths:3 | 46388 ||| FLEEEEING.
 46389 | Depths:3 | 46389 ||| FLEEEEING.
 46390 | Depths:3 | 46390 ||| FLEEEEING.
 46391 | Depths:3 | 46391 ||| FLEEEEING.
 46392 | Depths:3 | 46392 ||| FLEEEEING.
 46393 | Depths:3 | 46393 ||| FLEEEEING.
 46394 | Depths:3 | 46394 ||| FLEEEEING.
 46395 | Depths:3 | 46395 ||| FLEEEEING.
 46396 | Depths:3 | 46396 ||| FLEEEEING.
 46398 | Depths:3 | 46398 ||| FLEEEEING.
 46399 | Depths:3 | 46399 ||| FLEEEEING.
 46400 | Depths:3 | 46400 ||| FLEEEEING.
 46401 | Depths:3 | 46401 ||| FLEEEEING.
 46408 | Depths:3 | 46408 ||| INVOKING Heroism.
 46416 | Depths:3 | Received a gift from Okawaru
 46750 | Depths:3 | 46750 ||| Stepping ~*~*~tactically~*~*~ (hiding).
 46753 | Depths:3 | 46753 ||| INVOKING Heroism.
 46792 | Depths:3 | Found Iggigets's Island Escapes.
 46854 | Depths:3 | 46854 ||| INVOKING Heroism.
 46958 | Depths:3 | 46958 ||| INVOKING Heroism.
 46960 | Depths:3 | 46960 ||| Stepping ~*~*~tactically~*~*~ (hiding).
 47023 | Depths:3 | 47023 ||| INVOKING Finesse.
 47024 | Depths:3 | Noticed a golden dragon
 47033 | Depths:3 | 47033 ||| INVOKING Heroism.
 47035 | Depths:3 | Received a gift from Okawaru
 47043 | Depths:3 | HP: 38/152 [spriggan defender/+2 antimagic flail (16)]
 47044 | Depths:3 | 47044 ||| READING 6 scrolls of teleportation.
 47051 | Depths:3 | Killed a golden dragon
 47058 | Depths:3 | HP: 34/153 [spriggan rider/+0 spear (7)]
 47059 | Depths:3 | 47059 ||| READING 5 scrolls of teleportation.
 47060 | Depths:3 | 47060 ||| DRINKING 8 potions of heal wounds.
 47473 | Depths:3 | 47473 ||| Stepping ~*~*~tactically~*~*~ (hiding).
 47591 | Depths:3 | 47591 ||| INVOKING Heroism.
 47605 | Depths:3 | 47605 ||| Stepping ~*~*~tactically~*~*~ (hiding).
 47606 | Depths:3 | 47606 ||| Stepping ~*~*~tactically~*~*~ (hiding).
 47612 | Depths:3 | 47612 ||| Stepping ~*~*~tactically~*~*~ (hiding).
 47623 | Depths:3 | 47623 ||| INVOKING Finesse.
 47626 | Depths:3 | Received a gift from Okawaru
 47636 | Depths:3 | Reached skill level 21 in Fighting
 47640 | Depths:3 | 47640 ||| INVOKING Heroism.
 47672 | Depths:3 | Received a gift from Okawaru
 47685 | Depths:3 | 47685 ||| FLEEEEING.
 47686 | Depths:3 | 47686 ||| FLEEEEING.
 47687 | Depths:3 | 47687 ||| FLEEEEING.
 47688 | Depths:3 | 47688 ||| FLEEEEING.
 47689 | Depths:3 | 47689 ||| FLEEEEING.
 47690 | Depths:3 | 47690 ||| FLEEEEING.
 47691 | Depths:3 | 47691 ||| FLEEEEING.
 47692 | Depths:3 | 47692 ||| FLEEEEING.
 47693 | Depths:3 | 47693 ||| FLEEEEING.
 47694 | Depths:3 | 47694 ||| FLEEEEING.
 47695 | Depths:3 | 47695 ||| FLEEEEING.
 47696 | Depths:3 | 47696 ||| FLEEEEING.
 47698 | Depths:3 | 47698 ||| FLEEEEING.
 47699 | Depths:3 | 47699 ||| FLEEEEING.
 47700 | Depths:3 | 47700 ||| FLEEEEING.
 47701 | Depths:3 | 47701 ||| FLEEEEING.
 47702 | Depths:3 | 47702 ||| FLEEEEING.
 47703 | Depths:3 | 47703 ||| FLEEEEING.
 47704 | Depths:3 | 47704 ||| FLEEEEING.
 47705 | Depths:3 | 47705 ||| FLEEEEING.
 47706 | Depths:3 | 47706 ||| FLEEEEING.
 47707 | Depths:3 | 47707 ||| FLEEEEING.
 47708 | Depths:3 | 47708 ||| FLEEEEING.
 47709 | Depths:3 | 47709 ||| FLEEEEING.
 47710 | Depths:3 | 47710 ||| FLEEEEING.
 47711 | Depths:3 | 47711 ||| FLEEEEING.
 47712 | Depths:3 | 47712 ||| FLEEEEING.
 47713 | Depths:3 | 47713 ||| FLEEEEING.
 47714 | Depths:3 | 47714 ||| FLEEEEING.
 47715 | Depths:3 | 47715 ||| FLEEEEING.
 47716 | Depths:3 | 47716 ||| FLEEEEING.
 47717 | Depths:3 | 47717 ||| FLEEEEING.
 47718 | Depths:3 | 47718 ||| FLEEEEING.
 47719 | Depths:3 | 47719 ||| FLEEEEING.
 47720 | Depths:3 | 47720 ||| INVOKING Heroism.
 47721 | Depths:3 | 47721 ||| INVOKING Finesse.
 47799 | Depths:3 | 47799 ||| FLEEEEING.
 47800 | Depths:3 | 47800 ||| FLEEEEING.
 47809 | Depths:3 | 47809 ||| STAIRDANCE
 47942 | Depths:3 | 47942 ||| Stepping ~*~*~tactically~*~*~ (stealth).
 47944 | Depths:3 | 47944 ||| Stepping ~*~*~tactically~*~*~ (hiding).
 47945 | Depths:3 | 47945 ||| Stepping ~*~*~tactically~*~*~ (hiding).
 48028 | Depths:3 | 48028 ||| Stepping ~*~*~tactically~*~*~ (stealth).
 48031 | Depths:3 | 48031 ||| Stepping ~*~*~tactically~*~*~ (stealth).
 48039 | Depths:3 | Reached skill level 12 in Throwing
 48155 | Depths:3 | Found a one-way gate to the infinite horrors of the Abyss.
 48178 | Depths:3 | Found a glowing golden altar of the Shining One.
 48194 | Depths:3 | 48194 ||| Stepping ~*~*~tactically~*~*~ (hiding).
 48407 | Depths:3 | 48407 ||| Stepping ~*~*~tactically~*~*~ (hiding).
 48472 | Depths:3 | Found a snail-covered altar of Cheibriados.
 48475 | Depths:3 | 48475 ||| FLEEEEING.
 48476 | Depths:3 | 48476 ||| FLEEEEING.
 48477 | Depths:3 | 48477 ||| FLEEEEING.
 48478 | Depths:3 | 48478 ||| FLEEEEING.
 48479 | Depths:3 | 48479 ||| FLEEEEING.
 48480 | Depths:3 | 48480 ||| FLEEEEING.
 48481 | Depths:3 | 48481 ||| FLEEEEING.
 48482 | Depths:3 | 48482 ||| FLEEEEING.
 48680 | Depths:3 | 48680 ||| DROPPING +6 scale mail of Mycuhed {Fly rC++ Int-3
                  | Stlth+}.
 48681 | Depths:3 | 48681 ||| DROPPING +4 scale mail of Sarchi Syeps {rC+
                  | Regen+}.
 48682 | Depths:3 | 48682 ||| UPGRADING to +9 crystal plate armour of
                  | ponderousness.
 48692 | Depths:3 | 48692 ||| READING 3 scrolls of enchant armour.
 48692 | Depths:3 | 48692 ||| ENCHANTING +9 crystal plate armour of
                  | ponderousness.
 48693 | Depths:3 | 48693 ||| READING 2 scrolls of enchant armour.
 48693 | Depths:3 | 48693 ||| ENCHANTING +10 crystal plate armour of
                  | ponderousness.
 48694 | Depths:3 | 48694 ||| READING scroll of enchant armour.
 48694 | Depths:3 | 48694 ||| ENCHANTING +11 crystal plate armour of
                  | ponderousness.
 48865 | Depths:4 | Entered Level 4 of the Depths
 48868 | Depths:4 | 48868 ||| INVOKING Heroism.
 48871 | Depths:4 | 48871 ||| INVOKING Finesse.
 48893 | Depths:4 | Received a gift from Okawaru
 48906 | Depths:4 | HP: 26/155 [spriggan air mage/the air (21)]
 48907 | Depths:4 | 48907 ||| READING 5 scrolls of teleportation.
 48908 | Depths:4 | 48908 ||| DRINKING 7 potions of heal wounds.
 48910 | Depths:4 | Noticed the Enchantress
 48915 | Depths:4 | HP: 38/155 [deep troll (8)]
 48916 | Depths:4 | 48916 ||| READING 4 scrolls of teleportation.
 48917 | Depths:4 | 48917 ||| DRINKING 6 potions of heal wounds.
 48926 | Depths:4 | 48926 ||| DRINKING 17 potions of curing.
 48926 | Depths:4 | 48926 ||| (to cure confusion)
 48932 | Depths:4 | HP: 30/155 [purple draconian/bolt of dispelling energy
                  | (32)]
 48933 | Depths:4 | 48933 ||| READING 3 scrolls of teleportation.
 48934 | Depths:4 | 48934 ||| DRINKING 5 potions of heal wounds.
 48935 | Depths:4 | 48935 ||| INVOKING Heroism.
 48935 | Depths:4 | Noticed Boris
 48959 | Depths:4 | Killed Boris
 48959 | Depths:4 | Received a gift from Okawaru
 48960 | Depths:4 | Reached XP level 23. HP: 51/160 MP: 30/30
 48964 | Depths:4 | Reached skill level 18 in Armour
 48971 | Depths:4 | 48971 ||| INVOKING Finesse.
 48976 | Depths:4 | HP: 16/160 [deep troll earth mage/Lee's Rapid
                  | Deconstruction (28)]
 48977 | Depths:4 | 48977 ||| READING 2 scrolls of teleportation.
 48978 | Depths:4 | 48978 ||| DRINKING 4 potions of heal wounds.
 48981 | Depths:4 | Found a one-way gateway to a ziggurat.
 48984 | Depths:4 | HP: 36/160 [green draconian/+0 glaive (9)]
 48985 | Depths:4 | 48985 ||| READING scroll of teleportation.
 48986 | Depths:4 | 48986 ||| DRINKING 3 potions of heal wounds.
 48988 | Depths:4 | 48988 ||| INVOKING Heroism.
 48995 | Depths:4 | Noticed Saint Roka
 48998 | Depths:4 | HP: 39/160 [Saint Roka/divine providence (9)]
 48999 | Depths:4 | 48999 ||| DRINKING 2 potions of heal wounds.
 49001 | Depths:4 | Received a gift from Okawaru
 49001 | Depths:4 | HP: 14/160 [spark wasp simulacrum (26)]
 49002 | Depths:4 | 49002 ||| DRINKING potion of heal wounds.
 49004 | Depths:4 | Killed from afar by a fire dragon

Levels and vault maps discovered:
D:1:      reono_arrival_forest_river, layout_basic, minivault_14
D:2:      layout_basic
D:3:      layout_loops_ring, tgw_fedhas, uniq_natasha, uniq_sigmund
D:4:      cheibrodos_pilgrimage, layout_gridville, uniq_robin
D:5:      layout_basic, mainiacjoe_overflow_small_starburst,
          roderic_roman_lattice
D:6:      layout_basic, temple_green, minmay_curled_crystal, uniq_menkaure,
          uniq_duvessa
D:7:      kennysheep_spiral_hall, layout_loops_ring, serial_undead,
          serial_undead_d, serial_undead_b, serial_undead_a, serial_undead_b,
          grunt_decor_cap, minmay_misc_feat_plants
D:8:      layout_loops_ring, mainiacjoe_overflow_six_doors_small,
          kennysheep_mini_moat, dpeg_lair_monsters
D:9:      layout_roguey, dreamdust_princess_corridor
D:10:     layout_loops_cross, marbit_many_paths, kennysheep_minor_cross,
          nicolae_diode_quadrants, uniq_sonja
D:11:     layout_grid_maze, orc_0_dummy, portal_ice_cave_entry_imps
D:12:     layout_basic, nicolae_trove_entry_free_sample
D:13:     layout_rooms, david_vaults_4, dk_noncrumbling_2, uniq_lodul
D:14:     layout_big_octagon, serial_shops, nicolae_shop_stone,
          nicolae_figureground_sparkle, minmay_misc_feat_hallway,
          serial_nicolae_subway, nicolae_sub_station_metal,
          nicolae_sub_station_stone, nicolae_sub_station_crystal
D:15:     hangedman_depths_entry_civil_slaughter, layout_basic, abandoned_shop,
          gammafunk_ghost_tricky_traps
Temple:   hellmonk_temple_divided_pantheon
Lair:1:   layout_chaotic_city
Lair:2:   gammafunk_worm_tunnel, layout_regular_city, spider_nest_entry_webs,
          infiniplex_staircase_pool
Lair:3:   layout_misc_corridors, minmay_shoals_entry_centaurs,
          patterned_corridor, grunt_megastairs_3, serial_bayou_shore_b,
          lemuel_fruit_tree, serial_bayou_shore_a
Lair:4:   layout_cave_pods, cheibrodos_lair_reptile_den, uniq_snorg
Lair:5:   evilmike_catoblepas_cave, layout_gridlike, slime_entry_1, basic_altar,
          chequers_serial_rivers_micro_b, worms_lemuel
Shoals:1: layout_shoals, serial_shops, bzr_firewalk
Shoals:2: layout_shoals, nicolae_shoals_circle_sea_wall
Shoals:3: layout_shoals, nicolae_shoals_shepherds, uniq_polyphemus
Shoals:4: shoals_end_grunt_ice, layout_shoals, nicolae_shoals_hunting_party
Spider:1: layout_cave_pods
Spider:2: layout_cave_pods
Spider:3: layout_spider_delve, nicolae_spider_webbed_stairs, uniq_bai_suzhen
Spider:4: floodkiller_spider_rune_tomb
Orc:1:    layout_caves
Orc:2:    grunt_orc_cross, layout_diamond_mine, uniq_jorgrun
Vaults:1: st_lattice, ontoclasm_vaults_misaligned, vaults_dpeg_doors, v_misc_18,
          ontoclasm_vaults_hangar, vaults_mumra_hex,
          nicolae_vaults_network_star, hangedman_vaults_stitches,
          vaults_dpeg_cross, grunt_vaults_diagonal, v_misc_25, vaults_dpeg_ring,
          vaults_room_pools, vaults_room_stairs_pillars,
          layout_vaults_omnicross, uniq_zenata
Vaults:2: nicolae_vaults_arrows, dpeg_vaults_monster_row,
          hangedman_vaults_nails, hangedman_vaults_slither, serial_ice_b,
          hangedman_vaults_snaps, ontoclasm_vaults_twist, ontoclasm_vaults_chip,
          vaults_room_guarded_vault, v_alt_pattern_1, nicolae_vaults_rhombus_5,
          layout_vaults_omnibox, serial_shops, bzr_entry_gold
Vaults:3: ebering_ghost_gozag, v_misc_9, ontoclasm_vaults_gallery,
          minmay_crypt_entry_simple_box, nicolae_vaults_angled_halls,
          layout_vaults_omnigrid, serial_shops, shop
Vaults:4: portal_desolation_entry_holy_temple, v_misc_12,
          nicolae_vaults_little_squares_2, v_misc_1, v_misc_33,
          vaults_standard_mumra_lines, v_misc_3, vaults_room_large_hall,
          v_rooms_5, layout_vaults_maze, serial_shops, shop, uniq_boris,
          uniq_donald
Depths:1: layout_basic, pf_vacation_house_of_asmodeus, minmay_misc_feat_x,
          grunt_pan_entry_in_and_out, grunt_ministairs_11,
          cheibrodos_ashenzari_chains, serial_bayou_shore_b
Depths:2: minmay_tri_stars, layout_gridlike, serial_shops,
          nicolae_shop_overgrown_old_shop, grunt_hell_entry_dis_old,
          nicolae_eternal_life, pan_entry, kennysheep_generic_room_15
Depths:3: pf_snail_temple, layout_gridlike, tso_metal_star, hell_entry,
          abyss_entry, roderic_serpentine_path, nicolae_island_escapes,
          infiniplex_staircase_9_rooms
Depths:4: grunt_twist_and_shout, layout_cave_pools, enter_ziggurat_c,
          rand_demon_pan_entry_1, abyss_entry_crystal, hell_entry,
          chequers_serial_rivers_micro_e, uniq_grunn, uniq_saint_roka,
          uniq_enchantress

Skill      XL: |  1  2  3  4  5  6  7  8  9 10 11 12 13 14 15 16 17 18 19 20 21 22 23 |
---------------+----------------------------------------------------------------------+-----
Axes           | 2 3 5 6 7 9 11 12 14 15 16 18 | 18.0
Fighting       | 4 5 6 7 8 10 11 12 13 15 17 18 20 21 | 21.1
Shields        | 4 7 9 11 12 13 14 15 16 17 18 19 20 21 | 21.0
Throwing       | 1 2 3 4 6 7 8 9 10 11 12 | 12.0
Dodging        | 1 2 3 5 6 7 8 9 |  9.2
Invocations    | 4 5 9 10 | 10.0
Armour         | 5 6 7 8 9 10 12 13 15 16 17 18 | 18.2

Action                   |  1- 3 |  4- 6 |  7- 9 | 10-12 | 13-15 | 16-18 | 19-21 | 22-24 || total
-------------------------+-------+-------+-------+-------+-------+-------+-------+-------++-------
Melee: War axe           |    67 |   175 |   295 |   482 |  1042 |       |  1092 |   473 ||  3626
       Headbutt          |       |       |    26 |   124 |   321 |   436 |   413 |   141 ||  1461
       Peck              |       |       |    25 |   140 |   290 |   425 |   384 |   137 ||  1401
       Morningstar       |       |       |       |     4 |    39 |     4 |       |       ||    47
       Broad axe         |       |       |       |       |     3 |  1458 |   266 |       ||  1727
Throw: Boomerang         |       |       |    28 |    26 |    11 |       |       |       ||    65
       Javelin           |       |       |    19 |    72 |   142 |   167 |   113 |    15 ||   528
Invok: Heroism           |       |       |     4 |    24 |    47 |    50 |    42 |    17 ||   184
       Finesse           |       |       |       |     2 |    17 |    16 |    17 |     8 ||    60
  Use: Scroll            |     2 |     6 |     6 |     8 |    11 |     5 |     1 |    13 ||    52
       Potion            |       |     3 |     4 |       |     2 |     2 |       |     9 ||    20
 Stab: Distracted        |       |       |       |       |       |     1 |       |     1 ||     2
Armor: Scale mail        |    23 |    40 |       |       |       |       |       |       ||    63
       Chain mail        |       |    32 |   118 |   155 |   304 |   365 |   336 |    91 ||  1401
       Crystal plate arm |       |       |       |       |       |       |       |    94 ||    94
Dodge: Dodged            |    34 |    43 |    42 |    64 |   147 |   368 |   218 |   114 ||  1030
Block: Buckler           |    25 |    36 |       |       |       |       |       |       ||    61
       Tower shield      |       |    60 |   340 |   602 |  1216 |  1874 |  1296 |   582 ||  5970
       Reflection        |       |     7 |     3 |    11 |     9 |       |       |       ||    30

Table legend:
 A = Non-vault XP
 B = Vault XP
 C = Vault XP percentage of total XP
 D = Non-vault monster count
 E = Vault monster count
 F = Vault count percentage of total count
                 A         B        C        D         E       F
            +---------+---------+-------+---------+---------+-------
      Total |  440892 |  275497 |  38.5 |    1062 |     479 |  31.1
            +---------+---------+-------+---------+---------+-------
        D:1 |      26 |       0 |   0.0 |      14 |       0 |   0.0
        D:2 |     102 |       0 |   0.0 |      21 |       0 |   0.0
        D:3 |     104 |     250 |  70.6 |      15 |       2 |  11.8
        D:4 |     164 |     134 |  45.0 |      19 |      18 |  48.6
        D:5 |     551 |       0 |   0.0 |      12 |       0 |   0.0
        D:6 |     843 |     376 |  30.8 |      15 |       3 |  16.7
        D:7 |    1263 |     828 |  39.6 |      21 |      12 |  36.4
        D:8 |    1315 |    3232 |  71.1 |      19 |       7 |  26.9
        D:9 |    1178 |       0 |   0.0 |      17 |       0 |   0.0
       D:10 |    2727 |     962 |  26.1 |      14 |       2 |  12.5
       D:11 |    5650 |     123 |   2.1 |      15 |      12 |  44.4
       D:12 |    6209 |       0 |   0.0 |      18 |       0 |   0.0
       D:13 |    9624 |    3556 |  27.0 |      20 |      13 |  39.4
       D:14 |    7894 |       0 |   0.0 |      16 |       0 |   0.0
       D:15 |    7980 |    3415 |  30.0 |      18 |       6 |  25.0
     Lair:1 |    6427 |       0 |   0.0 |      25 |       0 |   0.0
     Lair:2 |   11053 |     551 |   4.7 |      40 |       3 |   7.0
     Lair:3 |    1612 |     454 |  22.0 |      11 |       4 |  26.7
     Lair:4 |   21034 |    1681 |   7.4 |      55 |       3 |   5.2
     Lair:5 |   10810 |   12408 |  53.4 |      22 |      27 |  55.1
   Shoals:1 |   20543 |       0 |   0.0 |      44 |       0 |   0.0
   Shoals:2 |   13449 |       0 |   0.0 |      29 |       0 |   0.0
   Shoals:3 |   18482 |    6484 |  26.0 |      33 |      15 |  31.2
   Shoals:4 |    4957 |   23481 |  82.6 |      10 |      40 |  80.0
   Spider:1 |   18294 |       0 |   0.0 |      49 |       0 |   0.0
   Spider:2 |   14355 |       0 |   0.0 |      30 |       0 |   0.0
   Spider:3 |   20190 |    2880 |  12.5 |      52 |       1 |   1.9
   Spider:4 |   15891 |   24451 |  60.6 |      32 |      44 |  57.9
      Orc:1 |    3850 |       0 |   0.0 |      38 |       0 |   0.0
      Orc:2 |    8014 |    8605 |  51.8 |      69 |      34 |  33.0
   Vaults:1 |   26812 |   36757 |  57.8 |      39 |      44 |  53.0
   Vaults:2 |   12963 |   28541 |  68.8 |      17 |      54 |  76.1
   Vaults:3 |   30282 |   16415 |  35.2 |      41 |      19 |  31.7
   Vaults:4 |   36028 |   26159 |  42.1 |      47 |      34 |  42.0
   Depths:1 |   31306 |    3484 |  10.0 |      36 |       6 |  14.3
   Depths:2 |   17471 |   17165 |  49.6 |      27 |      19 |  41.3
   Depths:3 |   24771 |   50086 |  66.9 |      31 |      52 |  62.7
   Depths:4 |   26668 |    3019 |  10.2 |      31 |       5 |  13.9
            +---------+---------+-------+---------+---------+-------
